Workbook
Name OLE_LINK1: Alteração_de_Processo!$B$32

Sheet Texto
Q4: 6.

Sheet Protocolos
A1: Controladoria Geral do Município - Ouvidoria Geral
A2: SIGRC - Sistema Integrado de Gerenciamento e Relacionamento com o Cidadão
A3: 45992 | B3: 4735 | C3: -7.5736873
A4: Meses | B4: Protocolos | C4: Variação*
A5: 46023 | B5: =P25 -> 5809 | C5: =((B5-B3)/B3)*100 -> 22.682154
A6: 46054 | B6: =O25 -> 5557 | C6: =((B6-B5)/B5)*100 -> -4.3380961
A7: 46082 | B7: =N25 -> 6550 | C7: =((B7-B6)/B6)*100 -> 17.869354
A8: 46113 | B8: =M25 -> 5538 | C8: =((B8-B7)/B7)*100 -> -15.450382
A9: 46143 | B9: =L25 -> 5513 | C9: =((B9-B8)/B8)*100 -> -0.45142651
A10: 46174 | B10: =K25 -> 5247 | C10: =((B10-B9)/B9)*100 -> -4.8249592
A11: 46204 | B11: =J25 -> 6274 | C11: =((B11-B10)/B10)*100 -> 19.573089
A12: 46235 | B12: =I25 -> 6466 | C12: =((B12-B11)/B11)*100 -> 3.0602486
A13: 46266 | B13: =H25 -> 6244 | C13: =((B13-B12)/B12)*100 -> -3.4333436
A17: Total | B17: =SUM(B5:B16) -> 53198
A18: Média | B18: =AVERAGE(B5:B16) -> 5910.8889 | D18: Tipo de manifestação | E18: 46357 | F18: 46327 | G18: 46296 | H18: 46266 | I18: 46235 | J18: 46204 | K18: 46174 | L18: 46143 | M18: 46113 | N18: 46082 | O18: 46054 | P18: 46023 | Q18: Total | R18: %Total | S18: Média
D19: Denúncia | H19: 502 | I19: 455 | J19: 450 | K19: 440 | L19: 508 | M19: 398 | N19: 426 | O19: 351 | P19: 402 | Q19: =SUM(E19:P19) -> 3932 | R19: =(Q19/Q25)*100 -> 7.3912553 | S19: =AVERAGE(E19:P19) -> 436.88889 | T19: Denúncia
D20: Elogio | H20: 88 | I20: 86 | J20: 82 | K20: 49 | L20: 64 | M20: 69 | N20: 78 | O20: 74 | P20: 62 | Q20: =SUM(E20:P20) -> 652 | R20: =(Q20/Q25)*100 -> 1.22561 | S20: =AVERAGE(E20:P20) -> 72.444444 | T20: Elogio
D21: Manifestações sobre o BRT Aricanduva** | H21: 0 | I21: 3 | J21: 0 | K21: 1 | L21: 0 | M21: 0 | N21: 0 | O21: 0 | P21: 0 | Q21: =SUM(E21:P21) -> 4 | R21: =(Q21/Q25)*100 -> 0.0075190797 | S21: =AVERAGE(E21:P21) -> 0.44444444 | T21: BRT Aricanduva
D22: Reclamação | H22: 5203 | I22: 5531 | J22: 5402 | K22: 4477 | L22: 4669 | M22: 4633 | N22: 5579 | O22: 4750 | P22: 4968 | Q22: =SUM(E22:P22) -> 45212 | R22: =(Q22/Q25)*100 -> 84.988157 | S22: =AVERAGE(E22:P22) -> 5023.5556 | T22: Reclamação
D23: Solicitação | H23: 402 | I23: 347 | J23: 296 | K23: 231 | L23: 225 | M23: 397 | N23: 402 | O23: 321 | P23: 321 | Q23: =SUM(E23:P23) -> 2942 | R23: =(Q23/Q25)*100 -> 5.5302831 | S23: =AVERAGE(E23:P23) -> 326.88889 | T23: Solicitação
D24: Sugestão | H24: 49 | I24: 44 | J24: 44 | K24: 49 | L24: 47 | M24: 41 | N24: 65 | O24: 61 | P24: 56 | Q24: =SUM(E24:P24) -> 456 | R24: =(Q24/Q25)*100 -> 0.85717508 | S24: =AVERAGE(E24:P24) -> 50.666667 | T24: Sugestão
D25: Total Geral | E25: =SUM(E19:E24) -> 0 | F25: =SUM(F19:F24) -> 0 | G25: =SUM(G19:G24) -> 0 | H25: =SUM(H19:H24) -> 6244 | I25: =SUM(I19:I24) -> 6466 | J25: =SUM(J19:J24) -> 6274 | K25: =SUM(K19:K24) -> 5247 | L25: =SUM(L19:L24) -> 5513 | ... R25: =SUM(R19:R24) -> 100 | S25: =AVERAGEIF(E25:P25,">0") -> 5910.8889
D27: Detalhamento | Manifestações sobre o BRT Aricanduva**
D28: Nota: Esta tabela apresenta a segmentação das manifestações recebidas através do formulário de "Manifestações sobre o BRT Aricanduva". Os números abaixo estão incluídos no total geral da tabela "Tipo de manifestação". A natureza das denúncias está detalhada na aba "Denúncia_Protocolos".
D29: Tipo de manifestação | E29: 46357 | F29: 46327 | G29: 46296 | H29: 46266 | I29: 46235 | J29: 46204 | K29: 46174 | L29: 46143 | M29: 46113 | N29: 46082 | O29: 46054 | P29: 46023 | Q29: Total
D30: Denúncia | H30: 0 | I30: 0 | J30: 0 | K30: 0 | L30: 0 | M30: 0 | N30: 0 | O30: 0 | P30: 0 | Q30: =SUM(E30:P30) -> 0
D31: Elogio | H31: 0 | I31: 0 | J31: 0 | K31: 0 | L31: 0 | M31: 0 | N31: 0 | O31: 0 | P31: 0 | Q31: =SUM(E31:P31) -> 0
D32: Reclamação | H32: 0 | I32: 2 | J32: 0 | K32: 1 | L32: 0 | M32: 0 | N32: 0 | O32: 0 | P32: 0 | Q32: =SUM(E32:P32) -> 3
D33: Solicitação | H33: 0 | I33: 0 | J33: 0 | K33: 0 | L33: 0 | M33: 0 | N33: 0 | O33: 0 | P33: 0 | Q33: =SUM(E33:P33) -> 0
D34: Sugestão | H34: 0 | I34: 1 | J34: 0 | K34: 0 | L34: 0 | M34: 0 | N34: 0 | O34: 0 | P34: 0 | Q34: =SUM(E34:P34) -> 1
D35: Total Geral | E35: =SUM(E30:E34) -> 0 | F35: =SUM(F30:F34) -> 0 | G35: =SUM(G30:G34) -> 0 | H35: =SUM(H30:H34) -> 0 | I35: =SUM(I30:I34) -> 3 | J35: =SUM(J30:J34) -> 0 | K35: =SUM(K30:K34) -> 1 | L35: =SUM(L30:L34) -> 0 | ... Q35: =SUM(Q30:Q34) -> 4
A38: * Variação percentual em relação ao mês imediatamente anterior.
A41: ** A opção do serviço "Manifestações sobre o BRT Aricanduva", referente à obra de implantação do BRT Aricanduva e do novo Centro de Operações da SPTrans (COP), foi incluída o Portal SP156 em outubro de 2024.

Sheet Elogios_Sugestões
A1: Controladoria Geral do Município - Ouvidoria Geral
A2: SIGRC - Sistema Integrado de Gerenciamento e Relacionamento com o Cidadão
B6: Tipo de manifestação | C6: 46023 | D6: 46054 | E6: 46082 | F6: 46113 | G6: 46143 | H6: 46174 | I6: 46204 | J6: 46235 | K6: 46266 | L6: 46296 | M6: 46327 | N6: 46357
B7: Elogio | C7: 62 | D7: 74 | E7: 78 | F7: 69 | G7: 64 | H7: 49 | I7: 82 | J7: 86 | K7: 88
B8: Sugestão | C8: 56 | D8: 61 | E8: 65 | F8: 41 | G8: 47 | H8: 49 | I8: 44 | J8: 44 | K8: 49

Sheet Canais_atendimento
A1: Controladoria Geral do Município - Ouvidoria Geral
A2: SIGRC - Sistema Integrado de Gerenciamento e Relacionamento com o Cidadão
A4: ATENDIMENTOS | B4: 46357 | C4: nov/26 | D4: out/26 | E4: 46266 | F4: 46235 | G4: 46204 | H4: 46174 | I4: 46143 | J4: 46113 | K4: 46082 | L4: 46054 | M4: 46023 | N4: Total | O4: Média | P4: %Total | Q4: % Canais de entrada SET/26
A5: Carta | E5: 15 | F5: 78 | G5: 11 | H5: 12 | I5: 10 | J5: 4 | K5: 9 | L5: 10 | M5: 6 | N5: =SUM(B5:M5) -> 155 | O5: =AVERAGE(B5:M5) -> 17.222222 | P5: =N5/N$13*100 -> 0.29136434 | Q5: =(E5*100)/$F$13 -> 0.23198268
A6: Central SP156 | E6: 1404 | F6: 1465 | G6: 1513 | H6: 1170 | I6: 1137 | J6: 1218 | K6: 1465 | L6: 1260 | M6: 1124 | N6: =SUM(B6:M6) -> 11756 | O6: =AVERAGE(B6:M6) -> 1306.2222 | P6: =N6/N$13*100 -> 22.098575 | Q6: =(E6*100)/$F$13 -> 21.713579
A7: Zap Denúncia | E7: 609 | F7: 635 | G7: 498 | H7: 419 | I7: 514 | J7: 591 | K7: 783 | L7: 610 | M7: 538 | N7: =SUM(B7:M7) -> 5197 | O7: =AVERAGE(B7:M7) -> 577.44444 | P7: =N7/N$13*100 -> 9.7691643 | Q7: =(E7*100)/$F$13 -> 9.4184968
A8: E-mail | E8: 899 | F8: 1197 | G8: 1540 | H8: 1137 | I8: 1184 | J8: 829 | K8: 976 | L8: 723 | M8: 917 | N8: =SUM(B8:M8) -> 9402 | O8: =AVERAGE(B8:M8) -> 1044.6667 | P8: =N8/N$13*100 -> 17.673597 | Q8: =(E8*100)/$F$13 -> 13.903495
A9: Encaminhamento de outros órgãos (Processo SEI, Memorando, Ofício, etc.) | E9: 74 | F9: 59 | G9: 91 | H9: 56 | I9: 215 | J9: 146 | K9: 222 | L9: 116 | M9: 143 | N9: =SUM(B9:M9) -> 1122 | O9: =AVERAGE(B9:M9) -> 124.66667 | P9: =N9/N$13*100 -> 2.1091018 | Q9: =(E9*100)/$F$13 -> 1.1444479
A10: App SP156 | E10: 66 | F10: 60 | G10: 60 | H10: 53 | I10: 72 | J10: 106 | K10: 108 | L10: 81 | M10: 92 | N10: =SUM(B10:M10) -> 698 | O10: =AVERAGE(B10:M10) -> 77.555556 | P10: =N10/N$13*100 -> 1.3120794 | Q10: =(E10*100)/$F$13 -> 1.0207238
A11: Portal | E11: 3092 | F11: 2848 | G11: 2430 | H11: 2319 | I11: 2303 | J11: 2479 | K11: 2759 | L11: 2608 | M11: 2802 | N11: =SUM(B11:M11) -> 23640 | O11: =AVERAGE(B11:M11) -> 2626.6667 | P11: =N11/N$13*100 -> 44.437761 | Q11: =(E11*100)/$F$13 -> 47.819363
A12: Presencial | E12: 85 | F12: 124 | G12: 131 | H12: 81 | I12: 78 | J12: 165 | K12: 228 | L12: 149 | M12: 187 | N12: =SUM(B12:M12) -> 1228 | O12: =AVERAGE(B12:M12) -> 136.44444 | P12: =N12/N$13*100 -> 2.3083575 | Q12: =(E12*100)/$F$13 -> 1.3145685
A13: TOTAL | B13: =SUM(B5:B12) -> 0 | C13: =SUM(C5:C12) -> 0 | D13: =SUM(D5:D12) -> 0 | E13: =SUM(E5:E12) -> 6244 | F13: =SUM(F5:F12) -> 6466 | G13: =SUM(G5:G12) -> 6274 | H13: =SUM(H5:H12) -> 5247 | I13: =SUM(I5:I12) -> 5513 | ... N13: =SUM(N5:N12) -> 53198 | O13: =AVERAGEIF(B13:M13,">0") -> 5910.8889 | P13: =N13/N$13*100 -> 100 | Q13: =(E13*100)/$F$13 -> 96.566656

Sheet Fora da competência
A11: Fora da Competência 2026
A12: Meses | B12: Protocolos | C12: Variação*
A13: 46023 | B13: 143 | C13: =((B13-161)/161)*100 -> -11.180124
A14: 46054 | B14: 80 | C14: =((B14-B13)/B13)*100 -> -44.055944
A15: 46082 | B15: 154 | C15: =((B15-B14)/B14)*100 -> 92.5
A16: 46113 | B16: 142 | C16: =((B16-B15)/B15)*100 -> -7.7922078
A17: 46143 | B17: 179 | C17: =((B17-B16)/B16)*100 -> 26.056338
A18: 46174 | B18: 130 | C18: =((B18-B17)/B17)*100 -> -27.374302
A19: 46204 | B19: 170 | C19: =((B19-B18)/B18)*100 -> 30.769231
A20: 46235 | B20: 108 | C20: =((B20-B19)/B19)*100 -> -36.470588
A21: 46266 | B21: 93 | C21: =((B21-B20)/B20)*100 -> -13.888889
A22: 46296 | B22: 0 | C22: =((B22-B21)/B21)*100 -> -100
A23: 46327 | B23: 0 | C23: =((B23-B22)/B22)*100 -> #DIV/0!
A24: 46357 | B24: 0 | C24: =((B24-B23)/B23)*100 -> #DIV/0!
A25: Total | B25: =SUM(B13:B24) -> 1199
A27: * Variação percentual em relação ao mês imediatamente anterior.
A30: ** Em fevereiro de 2026, a nomenclatura “Órgãos Externos” foi alterada para “Fora da Competência da Municipalidade”.
A33: Competência Estadual | B33: 9
A34: Outros Municípios | B34: 21
A35: Outros Órgãos | B35: 63
A36: Total Geral | B36: =SUM(B33:B35) -> 93
A39: Canal | B39: Protocolos
A40: App SP156 | B40: 1
A41: Carta | B41: 2
A42: Central SP156 | B42: 0
A43: E-mail | B43: 45
A44: Encaminhamento de outros órgãos (Processo SEI, Memorando, Ofício, etc.) - referenciar na descrição | B44: 2
A45: PORTAL | B45: 19
A46: Presencial | B46: 4
A47: Zap Denúncia | B47: 20
A48: Total Geral | B48: =SUM(B40:B47) -> 93

Sheet Buraco-Pavimentação_SET_2026
A1: Controladoria Geral do Município - Ouvidoria Geral
A2: SIGRC - Sistema Integrado de Gerenciamento e Relacionamento com o Cidadão
A4: ASSUNTO - Buraco e Pavimentação (Guia Portal 156)* | B4: 46266
A5: Secretaria Municipal das Subprefeituras | B5: 264
A6: São Paulo Transportes - SPTrans | B6: 2
A7: Secretaria Municipal de Infraestrutura Urbana e Obras | B7: 2
A8: Subprefeituras | B8: 49
A9: TOTAL | B9: =SUM(B5:B8) -> 317
A11: Tapa buraco - Secretaria Municipal das Subprefeituras: https://sp156.prefeitura.sp.gov.br/portal/servicos/informacao?servico=952
A14: Tapa Buraco em faixa exlusiva de ônibus - São Paulo Transportes: https://sp156.prefeitura.sp.gov.br/portal/servicos/informacao?servico=3170
A16: Solicitar vistoria e reparo em pontes e viadutos - Secretaria Municipal de Infraestrutura Urbana e Obras: https://sp156.prefeitura.sp.gov.br/portal/servicos/informacao?servico=3381
A18: * Em decorrência da troca de sistema ocorrida em Dez/2016, a metodologia atualmente aplicada para a classificação dos assuntos é a Guia de Serviços do Portal 156 (As Denúncias não estão sendo contabilizadas nessa aba da planilha, pois esses dados estão sendo exibidos em abas específicas).

Sheet Assuntos
A1: Controladoria Geral do Município - Ouvidoria Geral
A2: SIGRC - Sistema Integrado de Gerenciamento e Relacionamento com o Cidadão
A4: ASSUNTO (Guia Portal 156)* | B4: 46357 | C4: 46327 | D4: 46296 | E4: 46266 | F4: 46235 | G4: 46204 | H4: 46174 | I4: 46143 | J4: 46113 | K4: 46082 | L4: 46054 | M4: 46023 | N4: Total | O4: Média | P4: % Total
A5: Acervo da Secretaria de Educação | E5: 0 | F5: 0 | G5: 0 | H5: 0 | I5: 0 | J5: 0 | K5: 0 | L5: 0 | M5: 0 | N5: =SUM(B5:M5) -> 0 | O5: =AVERAGE(B5:M5) -> 0 | P5: =(N5/$N$276)*100 -> 0
A6: Acervos e Bibliotecas | E6: 0 | F6: 0 | G6: 0 | H6: 0 | I6: 0 | J6: 0 | K6: 0 | L6: 1 | M6: 0 | N6: =SUM(B6:M6) -> 1 | O6: =AVERAGE(B6:M6) -> 0.11111111 | P6: =(N6/$N$276)*100 -> 0.0020297974
A7: Acessibilidade digital | E7: 0 | F7: 0 | G7: 0 | H7: 0 | I7: 0 | J7: 0 | K7: 0 | L7: 0 | M7: 0 | N7: =SUM(B7:M7) -> 0 | O7: =AVERAGE(B7:M7) -> 0 | P7: =(N7/$N$276)*100 -> 0
A8: Acessibilidade em edificações | E8: 3 | F8: 6 | G8: 3 | H8: 4 | I8: 3 | J8: 1 | K8: 2 | L8: 1 | M8: 2 | N8: =SUM(B8:M8) -> 25 | O8: =AVERAGE(B8:M8) -> 2.7777778 | P8: =(N8/$N$276)*100 -> 0.050744936
A9: Acesso à informação | E9: 10 | F9: 8 | G9: 5 | H9: 2 | I9: 3 | J9: 8 | K9: 5 | L9: 3 | M9: 2 | N9: =SUM(B9:M9) -> 46 | O9: =AVERAGE(B9:M9) -> 5.1111111 | P9: =(N9/$N$276)*100 -> 0.093370682
A10: Adoção de animais | E10: 0 | F10: 0 | G10: 1 | H10: 1 | I10: 0 | J10: 0 | K10: 0 | L10: 1 | M10: 0 | N10: =SUM(B10:M10) -> 3 | O10: =AVERAGE(B10:M10) -> 0.33333333 | P10: =(N10/$N$276)*100 -> 0.0060893923
A11: Agendamento eletrônico | E11: 0 | F11: 0 | G11: 0 | H11: 0 | I11: 0 | J11: 2 | K11: 1 | L11: 3 | M11: 2 | N11: =SUM(B11:M11) -> 8 | O11: =AVERAGE(B11:M11) -> 0.88888889 | P11: =(N11/$N$276)*100 -> 0.016238379
A12: Água subterrânea/Curso d'água | E12: 0 | F12: 1 | G12: 0 | H12: 0 | I12: 0 | J12: 0 | K12: 0 | L12: 0 | M12: 0 | N12: =SUM(B12:M12) -> 1 | O12: =AVERAGE(B12:M12) -> 0.11111111 | P12: =(N12/$N$276)*100 -> 0.0020297974
A13: Álcool e outras drogas | E13: 0 | F13: 2 | G13: 2 | H13: 0 | I13: 1 | J13: 2 | K13: 0 | L13: 0 | M13: 1 | N13: =SUM(B13:M13) -> 8 | O13: =AVERAGE(B13:M13) -> 0.88888889 | P13: =(N13/$N$276)*100 -> 0.016238379
A14: Alimentação escolar | E14: 0 | F14: 1 | G14: 4 | H14: 11 | I14: 0 | J14: 1 | K14: 1 | L14: 2 | M14: 2 | N14: =SUM(B14:M14) -> 22 | O14: =AVERAGE(B14:M14) -> 2.4444444 | P14: =(N14/$N$276)*100 -> 0.044655543
A15: Alistamento e Serviço Militar | E15: 0 | F15: 0 | G15: 1 | H15: 1 | I15: 0 | J15: 0 | K15: 0 | L15: 0 | M15: 0 | N15: =SUM(B15:M15) -> 2 | O15: =AVERAGE(B15:M15) -> 0.22222222 | P15: =(N15/$N$276)*100 -> 0.0040595949
A16: Ambulantes | E16: 10 | F16: 10 | G16: 7 | H16: 17 | I16: 10 | J16: 9 | K16: 16 | L16: 7 | M16: 11 | N16: =SUM(B16:M16) -> 97 | O16: =AVERAGE(B16:M16) -> 10.777778 | P16: =(N16/$N$276)*100 -> 0.19689035
... A275: Zona Azul | E275: 2 | F275: 9 | G275: 2 | H275: 3 | I275: 0 | J275: 0 | K275: 3 | L275: 2 | M275: 5 | N275: =SUM(B275:M275) -> 26 | O275: =AVERAGE(B275:M275) -> 2.8888889 | P275: =(N275/$N$276)*100 -> 0.052774733
A276: Total | E276: =SUM(E5:E275) -> 5742 | F276: =SUM(F5:F275) -> 6011 | G276: =SUM(G5:G275) -> 5824 | H276: =SUM(H5:H275) -> 4807 | I276: =SUM(I5:I275) -> 5005 | J276: =SUM(J5:J275) -> 5140 | K276: =SUM(K5:K275) -> 6124 | L276: =SUM(L5:L275) -> 5206 | M276: =SUM(M5:M275) -> 5407 | N276: =SUM(B276:M276) -> 49266 | O276: =AVERAGE(B276:M276) -> 5474 | P276: =(N276/$N$276)*100 -> 100
A277: * Em decorrência da troca de sistema ocorrida em Dez/2016, a metodologia atualmente aplicada para a classificação dos assuntos é a Guia de Serviços do Portal 156 (As Denúncias não estão sendo contabilizadas nessa aba da planilha, pois esses dados estão sendo exibidos em abas específicas).
A278: **Os protocolos classificadas como assunto "não identificado", são reclamações recebidas no sistema sem que se tenha o registro do assunto demandado.

Sheet 10+_Assuntos_2026
A1: Controladoria Geral do Município - Ouvidoria Geral | O1: =Assuntos!E276 -> 5742
A2: SIGRC - Sistema Integrado de Gerenciamento e Relacionamento com o Cidadão
A4: Assuntos - 10 mais solicitados de 2026 (Média)
A6: ASSUNTO (Guia Portal 156)* | B6: 46357 | C6: 46327 | D6: 46296 | E6: 46266 | F6: 46235 | G6: 46204 | H6: 46174 | I6: 46143 | J6: 46113 | K6: 46082 | L6: 46054 | M6: 46023 | N6: Total | O6: Média | P6: % em relação ao todo de SET/26 (excetuando-se denúncias)
A7: Qualidade de atendimento | E7: 484 | F7: 450 | G7: 386 | H7: 262 | I7: 307 | J7: 272 | K7: 323 | L7: 282 | M7: 343 | N7: 3110 | O7: =AVERAGE(B7:M7) -> 345.44444 | P7: =(E7*100)/$O$1 -> 8.4291188
A8: Ônibus | E8: 310 | F8: 275 | G8: 190 | H8: 214 | I8: 222 | J8: 251 | K8: 257 | L8: 251 | M8: 169 | N8: 2139 | O8: =AVERAGE(B8:M8) -> 237.66667 | P8: =(E8*100)/$O$1 -> 5.3988157
A9: Buraco e Pavimentação | E9: 317 | F9: 255 | G9: 272 | H9: 207 | I9: 190 | J9: 235 | K9: 330 | L9: 153 | M9: 175 | N9: 2134 | O9: =AVERAGE(B9:M9) -> 237.11111 | P9: =(E9*100)/$O$1 -> 5.5207245
A10: Árvore | E10: 255 | F10: 270 | G10: 217 | H10: 172 | I10: 181 | J10: 200 | K10: 203 | L10: 234 | M10: 264 | N10: 1996 | O10: =AVERAGE(B10:M10) -> 221.77778 | P10: =(E10*100)/$O$1 -> 4.4409613
A11: Processo Administrativo | E11: 260 | F11: 292 | G11: 227 | H11: 210 | I11: 199 | J11: 139 | K11: 200 | L11: 161 | M11: 217 | N11: 1905 | O11: =AVERAGE(B11:M11) -> 211.66667 | P11: =(E11*100)/$O$1 -> 4.528039
A12: Veículos abandonados | E12: 219 | F12: 238 | G12: 201 | H12: 246 | I12: 156 | J12: 166 | K12: 146 | L12: 101 | M12: 177 | N12: 1650 | O12: =AVERAGE(B12:M12) -> 183.33333 | P12: =(E12*100)/$O$1 -> 3.8140021
A13: Ponto viciado, entulho e caçamba de entulho | E13: 175 | F13: 149 | G13: 213 | H13: 155 | I13: 140 | J13: 172 | K13: 224 | L13: 212 | M13: 198 | N13: 1638 | O13: =AVERAGE(B13:M13) -> 182 | P13: =(E13*100)/$O$1 -> 3.0477186
A14: Multas de trânsito e guinchamentos | E14: 209 | F14: 199 | G14: 179 | H14: 184 | I14: 149 | J14: 160 | K14: 160 | L14: 142 | M14: 165 | N14: 1547 | O14: =AVERAGE(B14:M14) -> 171.88889 | P14: =(E14*100)/$O$1 -> 3.6398467
A15: Poluição sonora - PSIU | E15: 150 | F15: 184 | G15: 225 | H15: 173 | I15: 162 | J15: 187 | K15: 214 | L15: 110 | M15: 137 | N15: 1542 | O15: =AVERAGE(B15:M15) -> 171.33333 | P15: =(E15*100)/$O$1 -> 2.6123302
A16: Calçadas, guias e postes | E16: 140 | F16: 155 | G16: 148 | H16: 139 | I16: 175 | J16: 144 | K16: 167 | L16: 145 | M16: 147 | N16: 1360 | O16: =AVERAGE(B16:M16) -> 151.11111 | P16: =(E16*100)/$O$1 -> 2.4381749
A17: Total | E17: =SUM(E7:E16) -> 2519 | F17: =SUM(F7:F16) -> 2467 | G17: =SUM(G7:G16) -> 2258 | H17: =SUM(H7:H16) -> 1962 | I17: =SUM(I7:I16) -> 1881 | J17: =SUM(J7:J16) -> 1926 | K17: =SUM(K7:K16) -> 2224 | L17: =SUM(L7:L16) -> 1791 | ... N17: =SUM(N7:N16) -> 19021 | O17: =AVERAGE(B17:M17) -> 2113.3333 | P17: =(E17*100)/$O$1 -> 43.869732
A18: Outros | N18: %total | O18: =100-P17 -> 56.130268
A27: * Em decorrência da troca de sistema ocorrida em Dez/2016, a metodologia atualmente aplicada para a classificação dos assuntos é a Guia de Serviços do Portal 156 (As Denúncias não estão sendo contabilizadas nessa aba da planilha, pois esses dados estão sendo exibidos em abas específicas).

Sheet Assuntos-variação_10_mais_2026
A1: Controladoria Geral do Município - Ouvidoria Geral
A2: SIGRC - Sistema Integrado de Gerenciamento e Relacionamento com o Cidadão
A4: Assuntos - variação dos 10 mais solicitados de 2026 (MÉDIA)
A6: *Protocolos - valores absolutos do mês
A7: ** Variação percentual em relação ao mês imediatamente anterior.
B8: 270 | F8: 234 | J8: 21 | N8: 149
A9: ='10+_Assuntos_2026'!A7 -> Qualidade de atendimento | E9: ='10+_Assuntos_2026'!A8 -> Ônibus | I9: ='10+_Assuntos_2026'!A9 -> Buraco e Pavimentação | M9: ='10+_Assuntos_2026'!A10 -> Árvore
A10: Meses | B10: Protocolos* | C10: Variação** | E10: Meses | F10: Protocolos* | G10: Variação** | I10: Meses | J10: Protocolos* | K10: Variação** | M10: Meses | N10: Protocolos* | O10: Variação**
A11: 46023 | B11: ='10+_Assuntos_2026'!M7 -> 343 | C11: =((B11-B8)/B8)*100 -> 27.037037 | E11: 46023 | F11: ='10+_Assuntos_2026'!M8 -> 169 | G11: =((F11-F8)/F8)*100 -> -27.777778 | I11: 46023 | J11: ='10+_Assuntos_2026'!M9 -> 175 | K11: =((J11-J8)/J8)*100 -> 733.33333 | M11: 46023 | N11: ='10+_Assuntos_2026'!M10 -> 264 | O11: =((N11-N8)/J8)*100 -> 547.61905
A12: 46054 | B12: ='10+_Assuntos_2026'!L7 -> 282 | C12: =((B12-B11)/B11)*100 -> -17.784257 | E12: 46054 | F12: ='10+_Assuntos_2026'!L8 -> 251 | G12: =((F12-F11)/F11)*100 -> 48.52071 | I12: 46054 | J12: ='10+_Assuntos_2026'!L9 -> 153 | K12: =((J12-J11)/J11)*100 -> -12.571429 | M12: 46054 | N12: ='10+_Assuntos_2026'!L10 -> 234 | O12: =((N12-N11)/N11)*100 -> -11.363636
A13: 46082 | B13: ='10+_Assuntos_2026'!K7 -> 323 | C13: =((B13-B12)/B12)*100 -> 14.539007 | E13: 46082 | F13: ='10+_Assuntos_2026'!K8 -> 257 | G13: =((F13-F12)/F12)*100 -> 2.3904382 | I13: 46082 | J13: ='10+_Assuntos_2026'!K9 -> 330 | K13: =((J13-J12)/J12)*100 -> 115.68627 | M13: 46082 | N13: ='10+_Assuntos_2026'!K10 -> 203 | O13: =((N13-N12)/N12)*100 -> -13.247863
A14: 46113 | B14: ='10+_Assuntos_2026'!J$7 -> 272 | C14: =((B14-B13)/B13)*100 -> -15.789474 | E14: 46113 | F14: ='10+_Assuntos_2026'!J$8 -> 251 | G14: =((F14-F13)/F13)*100 -> -2.3346304 | I14: 46113 | J14: ='10+_Assuntos_2026'!J$9 -> 235 | K14: =((J14-J13)/J13)*100 -> -28.787879 | M14: 46113 | N14: ='10+_Assuntos_2026'!J$10 -> 200 | O14: =((N14-N13)/N13)*100 -> -1.4778325
A15: 46143 | B15: ='10+_Assuntos_2026'!I$7 -> 307 | C15: =((B15-B14)/B14)*100 -> 12.867647 | E15: 46143 | F15: ='10+_Assuntos_2026'!I$8 -> 222 | G15: =((F15-F14)/F14)*100 -> -11.553785 | I15: 46143 | J15: ='10+_Assuntos_2026'!I$9 -> 190 | K15: =((J15-J14)/J14)*100 -> -19.148936 | M15: 46143 | N15: ='10+_Assuntos_2026'!I$10 -> 181 | O15: =((N15-N14)/N14)*100 -> -9.5
A16: 46174 | B16: ='10+_Assuntos_2026'!H$7 -> 262 | C16: =((B16-B15)/B15)*100 -> -14.65798 | E16: 46174 | F16: ='10+_Assuntos_2026'!H$8 -> 214 | G16: =((F16-F15)/F15)*100 -> -3.6036036 | I16: 46174 | J16: ='10+_Assuntos_2026'!H$9 -> 207 | K16: =((J16-J15)/J15)*100 -> 8.9473684 | M16: 46174 | N16: ='10+_Assuntos_2026'!H$10 -> 172 | O16: =((N16-N15)/N15)*100 -> -4.9723757
A17: 46204 | B17: ='10+_Assuntos_2026'!G$7 -> 386 | C17: =((B17-B16)/B16)*100 -> 47.328244 | E17: 46204 | F17: ='10+_Assuntos_2026'!G$8 -> 190 | G17: =((F17-F16)/F16)*100 -> -11.214953 | I17: 46204 | J17: ='10+_Assuntos_2026'!G$9 -> 272 | K17: =((J17-J16)/J16)*100 -> 31.400966 | M17: 46204 | N17: ='10+_Assuntos_2026'!G$10 -> 217 | O17: =((N17-N16)/N16)*100 -> 26.162791
A18: 46235 | B18: ='10+_Assuntos_2026'!F$7 -> 450 | C18: =((B18-B17)/B17)*100 -> 16.580311 | E18: 46235 | F18: ='10+_Assuntos_2026'!F$8 -> 275 | G18: =((F18-F17)/F17)*100 -> 44.736842 | I18: 46235 | J18: ='10+_Assuntos_2026'!F$9 -> 255 | K18: =((J18-J17)/J17)*100 -> -6.25 | M18: 46235 | N18: ='10+_Assuntos_2026'!F$10 -> 270 | O18: =((N18-N17)/N17)*100 -> 24.423963
A19: 46266 | B19: ='10+_Assuntos_2026'!E$7 -> 484 | C19: =((B19-B18)/B18)*100 -> 7.5555556 | E19: 46266 | F19: ='10+_Assuntos_2026'!E$8 -> 310 | G19: =((F19-F18)/F18)*100 -> 12.727273 | I19: 46266 | J19: ='10+_Assuntos_2026'!E$9 -> 317 | K19: =((J19-J18)/J18)*100 -> 24.313725 | M19: 46266 | N19: ='10+_Assuntos_2026'!E$10 -> 255 | O19: =((N19-N18)/N18)*100 -> -5.5555556
A20: 46296 | B20: ='10+_Assuntos_2026'!D$7 -> 0 | C20: =((B20-B19)/B19)*100 -> -100 | E20: 46296 | F20: ='10+_Assuntos_2026'!D$8 -> 0 | G20: =((F20-F19)/F19)*100 -> -100 | I20: 46296 | J20: ='10+_Assuntos_2026'!D$9 -> 0 | K20: =((J20-J19)/J19)*100 -> -100 | M20: 46296 | N20: ='10+_Assuntos_2026'!D$10 -> 0 | O20: =((N20-N19)/N19)*100 -> -100
A21: 46327 | B21: ='10+_Assuntos_2026'!C$7 -> 0 | C21: =((B21-B20)/B20)*100 -> #DIV/0! | E21: 46327 | F21: ='10+_Assuntos_2026'!C$8 -> 0 | G21: =((F21-F20)/F20)*100 -> #DIV/0! | I21: 46327 | J21: ='10+_Assuntos_2026'!C$9 -> 0 | K21: =((J21-J20)/J20)*100 -> #DIV/0! | M21: 46327 | N21: ='10+_Assuntos_2026'!C$10 -> 0 | O21: =((N21-N20)/N20)*100 -> #DIV/0!
A22: 46357 | B22: ='10+_Assuntos_2026'!B$7 -> 0 | C22: =((B22-B21)/B21)*100 -> #DIV/0! | E22: 46357 | F22: ='10+_Assuntos_2026'!B$8 -> 0 | G22: =((F22-F21)/F21)*100 -> #DIV/0! | I22: 46357 | J22: ='10+_Assuntos_2026'!B$9 -> 0 | K22: =((J22-J21)/J21)*100 -> #DIV/0! | M22: 46357 | N22: ='10+_Assuntos_2026'!B$10 -> 0 | O22: =((N22-N21)/N21)*100 -> #DIV/0!
B24: 175 | F24: 142 | J24: 181 | N24: 168
A25: ='10+_Assuntos_2026'!A11 -> Processo Administrativo | E25: ='10+_Assuntos_2026'!A12 -> Veículos abandonados | I25: ='10+_Assuntos_2026'!A13 -> Ponto viciado, entulho e caçamba de entulho | M25: ='10+_Assuntos_2026'!A14 -> Multas de trânsito e guinchamentos
A26: Meses | B26: Protocolos* | C26: Variação** | E26: Meses | F26: Protocolos* | G26: Variação** | I26: Meses | J26: Protocolos* | K26: Variação** | M26: Meses | N26: Protocolos* | O26: Variação**
A27: 46023 | B27: ='10+_Assuntos_2026'!M11 -> 217 | C27: =((B27-B24)/B24)*100 -> 24 | E27: 46023 | F27: ='10+_Assuntos_2026'!M12 -> 177 | G27: =((F27-F24)/F24)*100 -> 24.647887 | I27: 46023 | J27: ='10+_Assuntos_2026'!M13 -> 198 | K27: =((J27-J24)/J24)*100 -> 9.3922652 | M27: 46023 | N27: ='10+_Assuntos_2026'!M14 -> 165 | O27: =((N27-N24)/N24)*100 -> -1.7857143
A28: 46054 | B28: ='10+_Assuntos_2026'!L11 -> 161 | C28: =((B28-B27)/B27)*100 -> -25.806452 | E28: 46054 | F28: ='10+_Assuntos_2026'!L12 -> 101 | G28: =((F28-F27)/F27)*100 -> -42.937853 | I28: 46054 | J28: ='10+_Assuntos_2026'!L13 -> 212 | K28: =((J28-J27)/J27)*100 -> 7.0707071 | M28: 46054 | N28: ='10+_Assuntos_2026'!L14 -> 142 | O28: =((N28-N27)/N27)*100 -> -13.939394
A29: 46082 | B29: ='10+_Assuntos_2026'!K11 -> 200 | C29: =((B29-B28)/B28)*100 -> 24.223602 | E29: 46082 | F29: ='10+_Assuntos_2026'!K12 -> 146 | G29: =((F29-F28)/F28)*100 -> 44.554455 | I29: 46082 | J29: ='10+_Assuntos_2026'!K13 -> 224 | K29: =((J29-J28)/J28)*100 -> 5.6603774 | M29: 46082 | N29: ='10+_Assuntos_2026'!K14 -> 160 | O29: =((N29-N28)/N28)*100 -> 12.676056
A30: 46113 | B30: ='10+_Assuntos_2026'!J$11 -> 139 | C30: =((B30-B29)/B29)*100 -> -30.5 | E30: 46113 | F30: ='10+_Assuntos_2026'!J$12 -> 166 | G30: =((F30-F29)/F29)*100 -> 13.69863 | I30: 46113 | J30: ='10+_Assuntos_2026'!J$13 -> 172 | K30: =((J30-J29)/J29)*100 -> -23.214286 | M30: 46113 | N30: ='10+_Assuntos_2026'!J$14 -> 160 | O30: =((N30-N29)/N29)*100 -> 0
A31: 46143 | B31: ='10+_Assuntos_2026'!I$11 -> 199 | C31: =((B31-B30)/B30)*100 -> 43.165468 | E31: 46143 | F31: ='10+_Assuntos_2026'!I$12 -> 156 | G31: =((F31-F30)/F30)*100 -> -6.0240964 | I31: 46143 | J31: ='10+_Assuntos_2026'!I$13 -> 140 | K31: =((J31-J30)/J30)*100 -> -18.604651 | M31: 46143 | N31: ='10+_Assuntos_2026'!I$14 -> 149 | O31: =((N31-N30)/N30)*100 -> -6.875
A32: 46174 | B32: ='10+_Assuntos_2026'!H$11 -> 210 | C32: =((B32-B31)/B31)*100 -> 5.5276382 | E32: 46174 | F32: ='10+_Assuntos_2026'!H$12 -> 246 | G32: =((F32-F31)/F31)*100 -> 57.692308 | I32: 46174 | J32: ='10+_Assuntos_2026'!H$13 -> 155 | K32: =((J32-J31)/J31)*100 -> 10.714286 | M32: 46174 | N32: ='10+_Assuntos_2026'!H$14 -> 184 | O32: =((N32-N31)/N31)*100 -> 23.489933
A33: 46204 | B33: ='10+_Assuntos_2026'!G$11 -> 227 | C33: =((B33-B32)/B32)*100 -> 8.0952381 | E33: 46204 | F33: ='10+_Assuntos_2026'!G$12 -> 201 | G33: =((F33-F32)/F32)*100 -> -18.292683 | I33: 46204 | J33: ='10+_Assuntos_2026'!G$13 -> 213 | K33: =((J33-J32)/J32)*100 -> 37.419355 | M33: 46204 | N33: ='10+_Assuntos_2026'!G$14 -> 179 | O33: =((N33-N32)/N32)*100 -> -2.7173913
A34: 46235 | B34: ='10+_Assuntos_2026'!F$11 -> 292 | C34: =((B34-B33)/B33)*100 -> 28.634361 | E34: 46235 | F34: ='10+_Assuntos_2026'!F$12 -> 238 | G34: =((F34-F33)/F33)*100 -> 18.40796 | I34: 46235 | J34: ='10+_Assuntos_2026'!F$13 -> 149 | K34: =((J34-J33)/J33)*100 -> -30.046948 | M34: 46235 | N34: ='10+_Assuntos_2026'!F$14 -> 199 | O34: =((N34-N33)/N33)*100 -> 11.173184
A35: 46266 | B35: ='10+_Assuntos_2026'!E$11 -> 260 | C35: =((B35-B34)/B34)*100 -> -10.958904 | E35: 46266 | F35: ='10+_Assuntos_2026'!E$12 -> 219 | G35: =((F35-F34)/F34)*100 -> -7.9831933 | I35: 46266 | J35: ='10+_Assuntos_2026'!E$13 -> 175 | K35: =((J35-J34)/J34)*100 -> 17.449664 | M35: 46266 | N35: ='10+_Assuntos_2026'!E$14 -> 209 | O35: =((N35-N34)/N34)*100 -> 5.0251256
A36: 46296 | B36: ='10+_Assuntos_2026'!D$11 -> 0 | C36: =((B36-B35)/B35)*100 -> -100 | E36: 46296 | F36: ='10+_Assuntos_2026'!D$12 -> 0 | G36: =((F36-F35)/F35)*100 -> -100 | I36: 46296 | J36: ='10+_Assuntos_2026'!D$13 -> 0 | K36: =((J36-J35)/J35)*100 -> -100 | M36: 46296 | N36: ='10+_Assuntos_2026'!D$14 -> 0 | O36: =((N36-N35)/N35)*100 -> -100
A37: 46327 | B37: ='10+_Assuntos_2026'!C$11 -> 0 | C37: =((B37-B36)/B36)*100 -> #DIV/0! | E37: 46327 | F37: ='10+_Assuntos_2026'!C$12 -> 0 | G37: =((F37-F36)/F36)*100 -> #DIV/0! | I37: 46327 | J37: ='10+_Assuntos_2026'!C$13 -> 0 | K37: =((J37-J36)/J36)*100 -> #DIV/0! | M37: 46327 | N37: ='10+_Assuntos_2026'!C$14 -> 0 | O37: =((N37-N36)/N36)*100 -> #DIV/0!
A38: 46357 | B38: ='10+_Assuntos_2026'!B$11 -> 0 | C38: =((B38-B37)/B37)*100 -> #DIV/0! | E38: 46357 | F38: ='10+_Assuntos_2026'!B$12 -> 0 | G38: =((F38-F37)/F37)*100 -> #DIV/0! | I38: 46357 | J38: ='10+_Assuntos_2026'!B$13 -> 0 | K38: =((J38-J37)/J37)*100 -> #DIV/0! | M38: 46357 | N38: ='10+_Assuntos_2026'!B$14 -> 0 | O38: =((N38-N37)/N37)*100 -> #DIV/0!
B40: 192 | F40: 73
A41: ='10+_Assuntos_2026'!A15 -> Poluição sonora - PSIU | E41: ='10+_Assuntos_2026'!A16 -> Calçadas, guias e postes
A42: Meses | B42: Protocolos* | C42: Variação** | E42: Meses | F42: Protocolos* | G42: Variação**
A43: 46023 | B43: ='10+_Assuntos_2026'!M15 -> 137 | C43: =((B43-B40)/B40)*100 -> -28.645833 | E43: 46023 | F43: ='10+_Assuntos_2026'!M$16 -> 147 | G43: =((F43-F40)/F40)*100 -> 101.36986
A44: 46054 | B44: ='10+_Assuntos_2026'!L15 -> 110 | C44: =((B44-B43)/B43)*100 -> -19.708029 | E44: 46054 | F44: ='10+_Assuntos_2026'!L$16 -> 145 | G44: =((F44-F43)/F43)*100 -> -1.3605442
A45: 46082 | B45: ='10+_Assuntos_2026'!K15 -> 214 | C45: =((B45-B44)/B44)*100 -> 94.545455 | E45: 46082 | F45: ='10+_Assuntos_2026'!K$16 -> 167 | G45: =((F45-F44)/F44)*100 -> 15.172414
A46: 46113 | B46: ='10+_Assuntos_2026'!J$15 -> 187 | C46: =((B46-B45)/B45)*100 -> -12.616822 | E46: 46113 | F46: ='10+_Assuntos_2026'!J$16 -> 144 | G46: =((F46-F45)/F45)*100 -> -13.772455
A47: 46143 | B47: ='10+_Assuntos_2026'!I$15 -> 162 | C47: =((B47-B46)/B46)*100 -> -13.368984 | E47: 46143 | F47: ='10+_Assuntos_2026'!I$16 -> 175 | G47: =((F47-F46)/F46)*100 -> 21.527778
A48: 46174 | B48: ='10+_Assuntos_2026'!H$15 -> 173 | C48: =((B48-B47)/B47)*100 -> 6.7901235 | E48: 46174 | F48: ='10+_Assuntos_2026'!H$16 -> 139 | G48: =((F48-F47)/F47)*100 -> -20.571429
A49: 46204 | B49: ='10+_Assuntos_2026'!G$15 -> 225 | C49: =((B49-B48)/B48)*100 -> 30.057803 | E49: 46204 | F49: ='10+_Assuntos_2026'!G$16 -> 148 | G49: =((F49-F48)/F48)*100 -> 6.4748201
A50: 46235 | B50: ='10+_Assuntos_2026'!F$15 -> 184 | C50: =((B50-B49)/B49)*100 -> -18.222222 | E50: 46235 | F50: ='10+_Assuntos_2026'!F$16 -> 155 | G50: =((F50-F49)/F49)*100 -> 4.7297297
A51: 46266 | B51: ='10+_Assuntos_2026'!E$15 -> 150 | C51: =((B51-B50)/B50)*100 -> -18.478261 | E51: 46266 | F51: ='10+_Assuntos_2026'!E$16 -> 140 | G51: =((F51-F50)/F50)*100 -> -9.6774194
A52: 46296 | B52: ='10+_Assuntos_2026'!D$15 -> 0 | C52: =((B52-B51)/B51)*100 -> -100 | E52: 46296 | F52: ='10+_Assuntos_2026'!D$16 -> 0 | G52: =((F52-F51)/F51)*100 -> -100
A53: 46327 | B53: ='10+_Assuntos_2026'!C$15 -> 0 | C53: =((B53-B52)/B52)*100 -> #DIV/0! | E53: 46327 | F53: ='10+_Assuntos_2026'!C$16 -> 0 | G53: =((F53-F52)/F52)*100 -> #DIV/0!
A54: 46357 | B54: ='10+_Assuntos_2026'!B$15 -> 0 | C54: =((B54-B53)/B53)*100 -> #DIV/0! | E54: 46357 | F54: ='10+_Assuntos_2026'!B$16 -> 0 | G54: =((F54-F53)/F53)*100 -> #DIV/0!

Sheet 10_ASSUNTOS+_Assuntos_SET_26
A1: Controladoria Geral do Município - Ouvidoria Geral
A2: SIGRC - Sistema Integrado de Gerenciamento e Relacionamento com o Cidadão
A4: 10 assuntos mais solicitados de Setembro/26
A6: ASSUNTO (Guia Portal 156)* | B6: 46266
A7: Qualidade de atendimento | B7: 484
A8: Buraco e Pavimentação | B8: 317
A9: Ônibus | B9: 310
A10: Processo Administrativo | B10: 260
A11: Árvore | B11: 255
A12: Veículos abandonados | B12: 219
A13: Multas de trânsito e guinchamentos | B13: 209
A14: Ponto viciado, entulho e caçamba de entulho | B14: 175
A15: Ouvidoria SUS | B15: 171
A16: Drenagem de água de chuva | B16: 166
A17: Total | B17: =SUM(B7:B16) -> 2566
A23: * Em decorrência da troca de sistema ocorrida em Dez/2016, a metodologia atualmente aplicada para a classificação dos assuntos é a Guia de Serviços do Portal 156 (As Denúncias não estão sendo contabilizadas nessa aba da planilha, pois esses dados estão sendo exibidos em abas específicas).
B24: =A7 -> Qualidade de atendimento | C24: =A8 -> Buraco e Pavimentação | D24: =A9 -> Ônibus | E24: =A10 -> Processo Administrativo | F24: =A11 -> Árvore | G24: =A12 -> Veículos abandonados | H24: =A13 -> Multas de trânsito e guinchamentos | I24: =A14 -> Ponto viciado, entulho e caçamba de entulho | J24: =A15 -> Ouvidoria SUS | K24: =A16 -> Drenagem de água de chuva | L24: Total
B25: =B7 -> 484 | C25: =B8 -> 317 | D25: =B9 -> 310 | E25: =B10 -> 260 | F25: =B11 -> 255 | G25: =B12 -> 219 | H25: =B13 -> 209 | I25: =B14 -> 175 | J25: =B15 -> 171 | K25: =B16 -> 166
K26: =K25 -> 166 | L26: =Assuntos!E276 -> 5742

Sheet UNIDADES
A1: Controladoria Geral do Município - Ouvidoria Geral
A2: SIGRC - Sistema Integrado de Gerenciamento e Relacionamento com o Cidadão
A4: Unidades PMSP* | B4: 46357 | C4: 46327 | D4: 46296 | E4: 46266 | F4: 46235 | G4: 46204 | H4: 46174 | I4: 46143 | J4: 46113 | K4: 46082 | L4: 46054 | M4: 46023 | N4: Total | O4: Média | P4: % Total
A5: Agência Reguladora de Serviços Públicos do Município | E5: 145 | F5: 146 | G5: 165 | H5: 112 | I5: 119 | J5: 130 | K5: 191 | L5: 131 | M5: 148 | N5: =SUM(B5:M5) -> 1287 | O5: =AVERAGE(B5:M5) -> 143 | P5: =(N5/$N$72)*100 -> 2.6126144
A6: Casa Civíl | E6: 1 | F6: 0 | G6: 1 | H6: 3 | I6: 1 | J6: 0 | K6: 1 | L6: 2 | M6: 1 | N6: =SUM(B6:M6) -> 10 | O6: =AVERAGE(B6:M6) -> 1.1111111 | P6: =(N6/$N$72)*100 -> 0.020300035
A7: Companhia de Engenharia de Tráfego | E7: 445 | F7: 504 | G7: 414 | H7: 393 | I7: 349 | J7: 333 | K7: 405 | L7: 305 | M7: 343 | N7: =SUM(B7:M7) -> 3491 | O7: =AVERAGE(B7:M7) -> 387.88889 | P7: =(N7/$N$72)*100 -> 7.086742
A8: Companhia Metropolitana de Habitação | E8: 21 | F8: 18 | G8: 25 | H8: 8 | I8: 9 | J8: 16 | K8: 23 | L8: 13 | M8: 8 | N8: =SUM(B8:M8) -> 141 | O8: =AVERAGE(B8:M8) -> 15.666667 | P8: =(N8/$N$72)*100 -> 0.28623049
A9: Controladoria Geral do Município | E9: 31 | F9: 33 | G9: 24 | H9: 27 | I9: 36 | J9: 39 | K9: 37 | L9: 48 | M9: 58 | N9: =SUM(B9:M9) -> 333 | O9: =AVERAGE(B9:M9) -> 37 | P9: =(N9/$N$72)*100 -> 0.67599115
A10: Coordenadoria de Limpeza Urbana*** | E10: 542 | F10: 586 | G10: 504 | H10: 404 | I10: 389 | J10: 530 | K10: 571 | L10: 560 | M10: 556 | N10: =SUM(B10:M10) -> 4642 | O10: =AVERAGE(B10:M10) -> 515.77778 | P10: =(N10/$N$72)*100 -> 9.423276
A11: Fora da competência da municipalidade | E11: 93 | F11: 108 | G11: 170 | H11: 130 | I11: 179 | J11: 142 | K11: 154 | L11: 80 | M11: 143 | N11: =SUM(B11:M11) -> 1199 | O11: =AVERAGE(B11:M11) -> 133.22222 | P11: =(N11/$N$72)*100 -> 2.4339741
A12: Não identificado** | E12: 2 | F12: 3 | G12: 2 | H12: 10 | I12: 2 | J12: 1 | K12: 0 | L12: 0 | M12: 0 | N12: =SUM(B12:M12) -> 20 | O12: =AVERAGE(B12:M12) -> 2.2222222 | P12: =(N12/$N$72)*100 -> 0.040600069
A13: Procuradoria Geral do Município | E13: 79 | F13: 70 | G13: 71 | H13: 64 | I13: 41 | J13: 46 | K13: 72 | L13: 59 | M13: 61 | N13: =SUM(B13:M13) -> 563 | O13: =AVERAGE(B13:M13) -> 62.555556 | P13: =(N13/$N$72)*100 -> 1.1428919
A14: São Paulo Obras | E14: 0 | F14: 0 | G14: 0 | H14: 0 | I14: 0 | J14: 0 | K14: 0 | L14: 0 | M14: 0 | N14: =SUM(B14:M14) -> 0 | O14: =AVERAGE(B14:M14) -> 0 | P14: =(N14/$N$72)*100 -> 0
A15: São Paulo Transportes | E15: 510 | F15: 454 | G15: 359 | H15: 324 | I15: 327 | J15: 369 | K15: 395 | L15: 339 | M15: 265 | N15: =SUM(B15:M15) -> 3342 | O15: =AVERAGE(B15:M15) -> 371.33333 | P15: =(N15/$N$72)*100 -> 6.7842715
A16: Secretaria de Relações Institucionais | E16: 0 | F16: 0 | G16: 0 | H16: 0 | I16: 0 | J16: 0 | K16: 0 | L16: 0 | M16: 0 | N16: =SUM(B16:M16) -> 0 | O16: =AVERAGE(B16:M16) -> 0 | P16: =(N16/$N$72)*100 -> 0
... A71: Subprefeitura Vila Prudente | E71: 22 | F71: 29 | G71: 35 | H71: 23 | I71: 19 | J71: 23 | K71: 15 | L71: 17 | M71: 28 | N71: =SUM(B71:M71) -> 211 | O71: =AVERAGE(B71:M71) -> 23.444444 | P71: =(N71/$N$72)*100 -> 0.42833073
A72: Total | E72: =SUM(E5:E71) -> 5742 | F72: =SUM(F5:F71) -> 6011 | G72: =SUM(G5:G71) -> 5819 | H72: =SUM(H5:H71) -> 4807 | I72: =SUM(I5:I71) -> 5005 | J72: =SUM(J5:J71) -> 5140 | K72: =SUM(K5:K71) -> 6124 | L72: =SUM(L5:L71) -> 5206 | ... N72: =SUM(N5:N71) -> 49261 | O72: =AVERAGE(B72:M72) -> 5473.4444 | P72: =SUM(P5:P71) -> 100
A75: * As Denúncias não estão sendo contabilizadas nessa aba da planilha, pois esses dados estão sendo exibidos em abas específicas.
A76: ** Considera-se o campo “não identificado” todos os registros que não especificam o órgão denunciado, que não complementam essa informação, ou ainda que a narrativa não permita rastrear o órgão denunciado.
A77: ***A partir de maio de 2026, as demandas anteriormente classificadas sob a responsabilidade da Secretaria Municipal de Limpeza Urbana passaram a ser atribuídas à Coordenadoria de Limpeza Urbana

Sheet 10+_UNIDADES_2026
A1: Controladoria Geral do Município - Ouvidoria Geral
A2: SIGRC - Sistema Integrado de Gerenciamento e Relacionamento com o Cidadão
A4: Unidades - 10 mais solicitadas de 2026 (Média) | P4: =UNIDADES!E72 -> 5742
A6: Unidades PMSP* | B6: 46357 | C6: 46327 | D6: 46296 | E6: 46266 | F6: 46235 | G6: 46204 | H6: 46174 | I6: 46143 | J6: 46113 | K6: 46082 | L6: 46054 | M6: 46023 | N6: Total | O6: Média | P6: % em relação ao todo SET/26 (excetuando-se denúncias)
A7: Secretaria Municipal da Saúde | E7: 928 | F7: 912 | G7: 848 | H7: 718 | I7: 764 | J7: 749 | K7: 803 | L7: 700 | M7: 821 | N7: =SUM(B7:M7) -> 7243 | O7: =AVERAGE(B7:M7) -> 804.77778 | P7: =(E7*100)/$P$4 -> 16.161616
A8: Coordenadoria de Limpeza Urbana*** | E8: 542 | F8: 586 | G8: 504 | H8: 404 | I8: 389 | J8: 530 | K8: 571 | L8: 560 | M8: 556 | N8: =SUM(B8:M8) -> 4642 | O8: =AVERAGE(B8:M8) -> 515.77778 | P8: =(E8*100)/$P$4 -> 9.4392198
A9: Secretaria Municipal das Subprefeituras | E9: 512 | F9: 495 | G9: 539 | H9: 425 | I9: 402 | J9: 441 | K9: 532 | L9: 283 | M9: 344 | N9: =SUM(B9:M9) -> 3973 | O9: =AVERAGE(B9:M9) -> 441.44444 | P9: =(E9*100)/$P$4 -> 8.9167537
A10: Companhia de Engenharia de Tráfego | E10: 445 | F10: 504 | G10: 414 | H10: 393 | I10: 349 | J10: 333 | K10: 405 | L10: 305 | M10: 343 | N10: =SUM(B10:M10) -> 3491 | O10: =AVERAGE(B10:M10) -> 387.88889 | P10: =(E10*100)/$P$4 -> 7.7499129
A11: São Paulo Transportes | E11: 510 | F11: 454 | G11: 359 | H11: 324 | I11: 327 | J11: 369 | K11: 395 | L11: 339 | M11: 265 | N11: =SUM(B11:M11) -> 3342 | O11: =AVERAGE(B11:M11) -> 371.33333 | P11: =(E11*100)/$P$4 -> 8.8819227
A12: Secretaria Municipal de Educação | E12: 285 | F12: 299 | G12: 286 | H12: 228 | I12: 390 | J12: 303 | K12: 456 | L12: 612 | M12: 458 | N12: =SUM(B12:M12) -> 3317 | O12: =AVERAGE(B12:M12) -> 368.55556 | P12: =(E12*100)/$P$4 -> 4.9634274
A13: Secretaria Municipal da Fazenda | E13: 381 | F13: 382 | G13: 472 | H13: 300 | I13: 309 | J13: 293 | K13: 351 | L13: 355 | M13: 343 | N13: =SUM(B13:M13) -> 3186 | O13: =AVERAGE(B13:M13) -> 354 | P13: =(E13*100)/$P$4 -> 6.6353187
A14: Secretaria Municipal de Assistência e Desenvolvimento Social | E14: 157 | F14: 217 | G14: 316 | H14: 227 | I14: 292 | J14: 256 | K14: 276 | L14: 222 | M14: 258 | N14: =SUM(B14:M14) -> 2221 | O14: =AVERAGE(B14:M14) -> 246.77778 | P14: =(E14*100)/$P$4 -> 2.7342389
A15: Agência Reguladora de Serviços Públicos do Município | E15: 145 | F15: 146 | G15: 165 | H15: 112 | I15: 119 | J15: 130 | K15: 191 | L15: 131 | M15: 148 | N15: =SUM(B15:M15) -> 1287 | O15: =AVERAGE(B15:M15) -> 143 | P15: =(E15*100)/$P$4 -> 2.5252525
A16: Fora da competência da municipalidade | E16: 93 | F16: 108 | G16: 170 | H16: 130 | I16: 179 | J16: 142 | K16: 154 | L16: 80 | M16: 143 | N16: =SUM(B16:M16) -> 1199 | O16: =AVERAGE(B16:M16) -> 133.22222 | P16: =(E16*100)/$P$4 -> 1.6196447
A17: Total | E17: =SUM(E7:E16) -> 3998 | F17: =SUM(F7:F16) -> 4103 | G17: =SUM(G7:G16) -> 4073 | H17: =SUM(H7:H16) -> 3261 | I17: =SUM(I7:I16) -> 3520 | J17: =SUM(J7:J16) -> 3546 | K17: =SUM(K7:K16) -> 4134 | L17: =SUM(L7:L16) -> 3587 | ... N17: =SUM(N7:N16) -> 33901 | O17: =AVERAGE(B17:M17) -> 3766.7778 | P17: =(E17*100)/$P$4 -> 69.627308
A18: Outros | O18: %total | P18: =100-P17 -> 30.372692
A24: * As Denúncias não estão sendo contabilizadas nessa aba da planilha, pois esses dados estão sendo exibidos em abas específicas.
A25: **A partir de maio de 2026, as demandas anteriormente classificadas sob a responsabilidade da Secretaria Municipal de Limpeza Urbana passaram a ser atribuídas à Coordenadoria de Limpeza Urbana

Sheet Unidades_variação_10_mais_2026
A1: Controladoria Geral do Município - Ouvidoria Geral
A2: SIGRC - Sistema Integrado de Gerenciamento e Relacionamento com o Cidadão
A4: Unidades - variação dos 10 mais solicitados de 2026 (MÉDIA)
A6: *Protocolos - valores absolutos do mês
A7: ** Variação percentual em relação ao mês imediatamente anterior.
B8: 658 | F8: 434 | J8: 136 | N8: 357
A9: ='10+_UNIDADES_2026'!A7 -> Secretaria Municipal da Saúde | E9: ='10+_UNIDADES_2026'!A8 -> Coordenadoria de Limpeza Urbana*** | I9: ='10+_UNIDADES_2026'!A9 -> Secretaria Municipal das Subprefeituras | M9: ='10+_UNIDADES_2026'!A10 -> Companhia de Engenharia de Tráfego
A10: Meses | B10: Protocolos* | C10: Variação** | E10: Meses | F10: Protocolos* | G10: Variação** | I10: Meses | J10: Protocolos* | K10: Variação** | M10: Meses | N10: Protocolos* | O10: Variação**
A11: 46023 | B11: ='10+_UNIDADES_2026'!M7 -> 821 | C11: =((B11-B8)/B8)*100 -> 24.772036 | E11: 46023 | F11: ='10+_UNIDADES_2026'!M8 -> 556 | G11: =((F11-F8)/F8)*100 -> 28.110599 | I11: 46023 | J11: ='10+_UNIDADES_2026'!M9 -> 344 | K11: =((J11-J8)/J8)*100 -> 152.94118 | M11: 46023 | N11: ='10+_UNIDADES_2026'!M10 -> 343 | O11: =((N11-N8)/N8)*100 -> -3.9215686
A12: 46054 | B12: ='10+_UNIDADES_2026'!L7 -> 700 | C12: =((B12-B11)/B11)*100 -> -14.738124 | E12: 46054 | F12: ='10+_UNIDADES_2026'!L8 -> 560 | G12: =((F12-F11)/F11)*100 -> 0.71942446 | I12: 46054 | J12: ='10+_UNIDADES_2026'!L9 -> 283 | K12: =((J12-J11)/J11)*100 -> -17.732558 | M12: 46054 | N12: ='10+_UNIDADES_2026'!L10 -> 305 | O12: =((N12-N11)/N11)*100 -> -11.078717
A13: 46082 | B13: ='10+_UNIDADES_2026'!K7 -> 803 | C13: =((B13-B12)/B12)*100 -> 14.714286 | E13: 46082 | F13: ='10+_UNIDADES_2026'!K8 -> 571 | G13: =((F13-F12)/F12)*100 -> 1.9642857 | I13: 46082 | J13: ='10+_UNIDADES_2026'!K9 -> 532 | K13: =((J13-J12)/J12)*100 -> 87.985866 | M13: 46082 | N13: ='10+_UNIDADES_2026'!K10 -> 405 | O13: =((N13-N12)/N12)*100 -> 32.786885
A14: 46113 | B14: ='10+_UNIDADES_2026'!J$7 -> 749 | C14: =((B14-B13)/B13)*100 -> -6.7247821 | E14: 46113 | F14: ='10+_UNIDADES_2026'!J$8 -> 530 | G14: =((F14-F13)/F13)*100 -> -7.1803853 | I14: 46113 | J14: ='10+_UNIDADES_2026'!J$9 -> 441 | K14: =((J14-J13)/J13)*100 -> -17.105263 | M14: 46113 | N14: ='10+_UNIDADES_2026'!J$10 -> 333 | O14: =((N14-N13)/N13)*100 -> -17.777778
A15: 46143 | B15: ='10+_UNIDADES_2026'!I$7 -> 764 | C15: =((B15-B14)/B14)*100 -> 2.0026702 | E15: 46143 | F15: ='10+_UNIDADES_2026'!I$8 -> 389 | G15: =((F15-F14)/F14)*100 -> -26.603774 | I15: 46143 | J15: ='10+_UNIDADES_2026'!I$9 -> 402 | K15: =((J15-J14)/J14)*100 -> -8.8435374 | M15: 46143 | N15: ='10+_UNIDADES_2026'!I$10 -> 349 | O15: =((N15-N14)/N14)*100 -> 4.8048048
A16: 46174 | B16: ='10+_UNIDADES_2026'!H$7 -> 718 | C16: =((B16-B15)/B15)*100 -> -6.0209424 | E16: 46174 | F16: ='10+_UNIDADES_2026'!H$8 -> 404 | G16: =((F16-F15)/F15)*100 -> 3.8560411 | I16: 46174 | J16: ='10+_UNIDADES_2026'!H$9 -> 425 | K16: =((J16-J15)/J15)*100 -> 5.721393 | M16: 46174 | N16: ='10+_UNIDADES_2026'!H$10 -> 393 | O16: =((N16-N15)/N15)*100 -> 12.60745
A17: 46204 | B17: ='10+_UNIDADES_2026'!G$7 -> 848 | C17: =((B17-B16)/B16)*100 -> 18.10585 | E17: 46204 | F17: ='10+_UNIDADES_2026'!G$8 -> 504 | G17: =((F17-F16)/F16)*100 -> 24.752475 | I17: 46204 | J17: ='10+_UNIDADES_2026'!G$9 -> 539 | K17: =((J17-J16)/J16)*100 -> 26.823529 | M17: 46204 | N17: ='10+_UNIDADES_2026'!G$10 -> 414 | O17: =((N17-N16)/N16)*100 -> 5.3435115
A18: 46235 | B18: ='10+_UNIDADES_2026'!F$7 -> 912 | C18: =((B18-B17)/B17)*100 -> 7.5471698 | E18: 46235 | F18: ='10+_UNIDADES_2026'!F$8 -> 586 | G18: =((F18-F17)/F17)*100 -> 16.269841 | I18: 46235 | J18: ='10+_UNIDADES_2026'!F$9 -> 495 | K18: =((J18-J17)/J17)*100 -> -8.1632653 | M18: 46235 | N18: ='10+_UNIDADES_2026'!F$10 -> 504 | O18: =((N18-N17)/N17)*100 -> 21.73913
A19: 46266 | B19: ='10+_UNIDADES_2026'!E$7 -> 928 | C19: =((B19-B18)/B18)*100 -> 1.754386 | E19: 46266 | F19: ='10+_UNIDADES_2026'!E$8 -> 542 | G19: =((F19-F18)/F18)*100 -> -7.5085324 | I19: 46266 | J19: ='10+_UNIDADES_2026'!E$9 -> 512 | K19: =((J19-J18)/J18)*100 -> 3.4343434 | M19: 46266 | N19: ='10+_UNIDADES_2026'!E$10 -> 445 | O19: =((N19-N18)/N18)*100 -> -11.706349
A20: 46296 | B20: ='10+_UNIDADES_2026'!D$7 -> 0 | C20: =((B20-B19)/B19)*100 -> -100 | E20: 46296 | F20: ='10+_UNIDADES_2026'!D$8 -> 0 | G20: =((F20-F19)/F19)*100 -> -100 | I20: 46296 | J20: ='10+_UNIDADES_2026'!D$9 -> 0 | K20: =((J20-J19)/J19)*100 -> -100 | M20: 46296 | N20: ='10+_UNIDADES_2026'!D$10 -> 0 | O20: =((N20-N19)/N19)*100 -> -100
A21: 46327 | B21: ='10+_UNIDADES_2026'!C$7 -> 0 | C21: =((B21-B20)/B20)*100 -> #DIV/0! | E21: 46327 | F21: ='10+_UNIDADES_2026'!C$8 -> 0 | G21: =((F21-F20)/F20)*100 -> #DIV/0! | I21: 46327 | J21: ='10+_UNIDADES_2026'!C$9 -> 0 | K21: =((J21-J20)/J20)*100 -> #DIV/0! | M21: 46327 | N21: ='10+_UNIDADES_2026'!C$10 -> 0 | O21: =((N21-N20)/N20)*100 -> #DIV/0!
A22: 46357 | B22: ='10+_UNIDADES_2026'!B$7 -> 0 | C22: =((B22-B21)/B21)*100 -> #DIV/0! | E22: 46357 | F22: ='10+_UNIDADES_2026'!B$8 -> 0 | G22: =((F22-F21)/F21)*100 -> #DIV/0! | I22: 46357 | J22: ='10+_UNIDADES_2026'!B$9 -> 0 | K22: =((J22-J21)/J21)*100 -> #DIV/0! | M22: 46357 | N22: ='10+_UNIDADES_2026'!B$10 -> 0 | O22: =((N22-N21)/N21)*100 -> #DIV/0!
B24: 348 | F24: 190 | J24: 229 | N24: 224
A25: ='10+_UNIDADES_2026'!A11 -> São Paulo Transportes | E25: ='10+_UNIDADES_2026'!A12 -> Secretaria Municipal de Educação | I25: ='10+_UNIDADES_2026'!A13 -> Secretaria Municipal da Fazenda | M25: ='10+_UNIDADES_2026'!A14 -> Secretaria Municipal de Assistência e Desenvolvimento Social
A26: Meses | B26: Protocolos* | C26: Variação** | E26: Meses | F26: Protocolos* | G26: Variação** | I26: Meses | J26: Protocolos* | K26: Variação** | M26: Meses | N26: Protocolos* | O26: Variação**
A27: 46023 | B27: ='10+_UNIDADES_2026'!M11 -> 265 | C27: =((B27-B24)/B24)*100 -> -23.850575 | E27: 46023 | F27: ='10+_UNIDADES_2026'!M12 -> 458 | G27: =((F27-F24)/F24)*100 -> 141.05263 | I27: 46023 | J27: ='10+_UNIDADES_2026'!M13 -> 343 | K27: =((J27-J24)/J24)*100 -> 49.781659 | M27: 46023 | N27: ='10+_UNIDADES_2026'!M14 -> 258 | O27: =((N27-N24)/N24)*100 -> 15.178571
A28: 46054 | B28: ='10+_UNIDADES_2026'!L11 -> 339 | C28: =((B28-B27)/B27)*100 -> 27.924528 | E28: 46054 | F28: ='10+_UNIDADES_2026'!L12 -> 612 | G28: =((F28-F27)/F27)*100 -> 33.624454 | I28: 46054 | J28: ='10+_UNIDADES_2026'!L13 -> 355 | K28: =((J28-J27)/J27)*100 -> 3.4985423 | M28: 46054 | N28: ='10+_UNIDADES_2026'!L14 -> 222 | O28: =((N28-N27)/N27)*100 -> -13.953488
A29: 46082 | B29: ='10+_UNIDADES_2026'!K11 -> 395 | C29: =((B29-B28)/B28)*100 -> 16.519174 | E29: 46082 | F29: ='10+_UNIDADES_2026'!K12 -> 456 | G29: =((F29-F28)/F28)*100 -> -25.490196 | I29: 46082 | J29: ='10+_UNIDADES_2026'!K13 -> 351 | K29: =((J29-J28)/J28)*100 -> -1.1267606 | M29: 46082 | N29: ='10+_UNIDADES_2026'!K14 -> 276 | O29: =((N29-N28)/N28)*100 -> 24.324324
A30: 46113 | B30: ='10+_UNIDADES_2026'!J$11 -> 369 | C30: =((B30-B29)/B29)*100 -> -6.5822785 | E30: 46113 | F30: ='10+_UNIDADES_2026'!J$12 -> 303 | G30: =((F30-F29)/F29)*100 -> -33.552632 | I30: 46113 | J30: ='10+_UNIDADES_2026'!J$13 -> 293 | K30: =((J30-J29)/J29)*100 -> -16.524217 | M30: 46113 | N30: ='10+_UNIDADES_2026'!J$14 -> 256 | O30: =((N30-N29)/N29)*100 -> -7.2463768
A31: 46143 | B31: ='10+_UNIDADES_2026'!I$11 -> 327 | C31: =((B31-B30)/B30)*100 -> -11.382114 | E31: 46143 | F31: ='10+_UNIDADES_2026'!I$12 -> 390 | G31: =((F31-F30)/F30)*100 -> 28.712871 | I31: 46143 | J31: ='10+_UNIDADES_2026'!I$13 -> 309 | K31: =((J31-J30)/J30)*100 -> 5.4607509 | M31: 46143 | N31: ='10+_UNIDADES_2026'!I$14 -> 292 | O31: =((N31-N30)/N30)*100 -> 14.0625
A32: 46174 | B32: ='10+_UNIDADES_2026'!H$11 -> 324 | C32: =((B32-B31)/B31)*100 -> -0.91743119 | E32: 46174 | F32: ='10+_UNIDADES_2026'!H$12 -> 228 | G32: =((F32-F31)/F31)*100 -> -41.538462 | I32: 46174 | J32: ='10+_UNIDADES_2026'!H$13 -> 300 | K32: =((J32-J31)/J31)*100 -> -2.9126214 | M32: 46174 | N32: ='10+_UNIDADES_2026'!H$14 -> 227 | O32: =((N32-N31)/N31)*100 -> -22.260274
A33: 46204 | B33: ='10+_UNIDADES_2026'!G$11 -> 359 | C33: =((B33-B32)/B32)*100 -> 10.802469 | E33: 46204 | F33: ='10+_UNIDADES_2026'!G$12 -> 286 | G33: =((F33-F32)/F32)*100 -> 25.438596 | I33: 46204 | J33: ='10+_UNIDADES_2026'!G$13 -> 472 | K33: =((J33-J32)/J32)*100 -> 57.333333 | M33: 46204 | N33: ='10+_UNIDADES_2026'!G$14 -> 316 | O33: =((N33-N32)/N32)*100 -> 39.207048
A34: 46235 | B34: ='10+_UNIDADES_2026'!F$11 -> 454 | C34: =((B34-B33)/B33)*100 -> 26.462396 | E34: 46235 | F34: ='10+_UNIDADES_2026'!F$12 -> 299 | G34: =((F34-F33)/F33)*100 -> 4.5454545 | I34: 46235 | J34: ='10+_UNIDADES_2026'!F$13 -> 382 | K34: =((J34-J33)/J33)*100 -> -19.067797 | M34: 46235 | N34: ='10+_UNIDADES_2026'!F$14 -> 217 | O34: =((N34-N33)/N33)*100 -> -31.329114
A35: 46266 | B35: ='10+_UNIDADES_2026'!E$11 -> 510 | C35: =((B35-B34)/B34)*100 -> 12.334802 | E35: 46266 | F35: ='10+_UNIDADES_2026'!E$12 -> 285 | G35: =((F35-F34)/F34)*100 -> -4.6822742 | I35: 46266 | J35: ='10+_UNIDADES_2026'!E$13 -> 381 | K35: =((J35-J34)/J34)*100 -> -0.2617801 | M35: 46266 | N35: ='10+_UNIDADES_2026'!E$14 -> 157 | O35: =((N35-N34)/N34)*100 -> -27.64977
A36: 46296 | B36: ='10+_UNIDADES_2026'!D$11 -> 0 | C36: =((B36-B35)/B35)*100 -> -100 | E36: 46296 | F36: ='10+_UNIDADES_2026'!D$12 -> 0 | G36: =((F36-F35)/F35)*100 -> -100 | I36: 46296 | J36: ='10+_UNIDADES_2026'!D$13 -> 0 | K36: =((J36-J35)/J35)*100 -> -100 | M36: 46296 | N36: ='10+_UNIDADES_2026'!D$14 -> 0 | O36: =((N36-N35)/N35)*100 -> -100
A37: 46327 | B37: ='10+_UNIDADES_2026'!C$11 -> 0 | C37: =((B37-B36)/B36)*100 -> #DIV/0! | E37: 46327 | F37: ='10+_UNIDADES_2026'!C$12 -> 0 | G37: =((F37-F36)/F36)*100 -> #DIV/0! | I37: 46327 | J37: ='10+_UNIDADES_2026'!C$13 -> 0 | K37: =((J37-J36)/J36)*100 -> #DIV/0! | M37: 46327 | N37: ='10+_UNIDADES_2026'!C$14 -> 0 | O37: =((N37-N36)/N36)*100 -> #DIV/0!
A38: 46357 | B38: ='10+_UNIDADES_2026'!B$11 -> 0 | C38: =((B38-B37)/B37)*100 -> #DIV/0! | E38: 46357 | F38: ='10+_UNIDADES_2026'!B$12 -> 0 | G38: =((F38-F37)/F37)*100 -> #DIV/0! | I38: 46357 | J38: ='10+_UNIDADES_2026'!B$13 -> 0 | K38: =((J38-J37)/J37)*100 -> #DIV/0! | M38: 46357 | N38: ='10+_UNIDADES_2026'!B$14 -> 0 | O38: =((N38-N37)/N37)*100 -> #DIV/0!
B40: 125 | F40: 161
A41: ='10+_UNIDADES_2026'!A15 -> Agência Reguladora de Serviços Públicos do Município | E41: ='10+_UNIDADES_2026'!A16 -> Fora da competência da municipalidade
A42: Meses | B42: Protocolos* | C42: Variação** | E42: Meses | F42: Protocolos* | G42: Variação**
A43: 46023 | B43: ='10+_UNIDADES_2026'!M15 -> 148 | C43: =((B43-B40)/B40)*100 -> 18.4 | E43: 46023 | F43: ='10+_UNIDADES_2026'!M16 -> 143 | G43: =((F43-F40)/F40)*100 -> -11.180124
A44: 46054 | B44: ='10+_UNIDADES_2026'!L15 -> 131 | C44: =((B44-B43)/B43)*100 -> -11.486486 | E44: 46054 | F44: ='10+_UNIDADES_2026'!L16 -> 80 | G44: =((F44-F43)/F43)*100 -> -44.055944
A45: 46082 | B45: ='10+_UNIDADES_2026'!K15 -> 191 | C45: =((B45-B44)/B44)*100 -> 45.801527 | E45: 46082 | F45: ='10+_UNIDADES_2026'!K16 -> 154 | G45: =((F45-F44)/F44)*100 -> 92.5
A46: 46113 | B46: ='10+_UNIDADES_2026'!J$15 -> 130 | C46: =((B46-B45)/B45)*100 -> -31.937173 | E46: 46113 | F46: ='10+_UNIDADES_2026'!J$16 -> 142 | G46: =((F46-F45)/F45)*100 -> -7.7922078
A47: 46143 | B47: ='10+_UNIDADES_2026'!I$15 -> 119 | C47: =((B47-B46)/B46)*100 -> -8.4615385 | E47: 46143 | F47: ='10+_UNIDADES_2026'!I$16 -> 179 | G47: =((F47-F46)/F46)*100 -> 26.056338
A48: 46174 | B48: ='10+_UNIDADES_2026'!H$15 -> 112 | C48: =((B48-B47)/B47)*100 -> -5.8823529 | E48: 46174 | F48: ='10+_UNIDADES_2026'!H$16 -> 130 | G48: =((F48-F47)/F47)*100 -> -27.374302
A49: 46204 | B49: ='10+_UNIDADES_2026'!G$15 -> 165 | C49: =((B49-B48)/B48)*100 -> 47.321429 | E49: 46204 | F49: ='10+_UNIDADES_2026'!G$16 -> 170 | G49: =((F49-F48)/F48)*100 -> 30.769231
A50: 46235 | B50: ='10+_UNIDADES_2026'!F$15 -> 146 | C50: =((B50-B49)/B49)*100 -> -11.515152 | E50: 46235 | F50: ='10+_UNIDADES_2026'!F$16 -> 108 | G50: =((F50-F49)/F49)*100 -> -36.470588
A51: 46266 | B51: ='10+_UNIDADES_2026'!E$15 -> 145 | C51: =((B51-B50)/B50)*100 -> -0.68493151 | E51: 46266 | F51: ='10+_UNIDADES_2026'!E$16 -> 93 | G51: =((F51-F50)/F50)*100 -> -13.888889
A52: 46296 | B52: ='10+_UNIDADES_2026'!D$15 -> 0 | C52: =((B52-B51)/B51)*100 -> -100 | E52: 46296 | F52: ='10+_UNIDADES_2026'!D$16 -> 0 | G52: =((F52-F51)/F51)*100 -> -100
A53: 46327 | B53: ='10+_UNIDADES_2026'!C$15 -> 0 | C53: =((B53-B52)/B52)*100 -> #DIV/0! | E53: 46327 | F53: ='10+_UNIDADES_2026'!C$16 -> 0 | G53: =((F53-F52)/F52)*100 -> #DIV/0!
A54: 46357 | B54: ='10+_UNIDADES_2026'!B$15 -> 0 | C54: =((B54-B53)/B53)*100 -> #DIV/0! | E54: 46357 | F54: ='10+_UNIDADES_2026'!B$16 -> 0 | G54: =((F54-F53)/F53)*100 -> #DIV/0!
A56: ***A partir de maio de 2026, as demandas anteriormente classificadas sob a responsabilidade da Secretaria Municipal de Limpeza Urbana passaram a ser atribuídas à Coordenadoria de Limpeza Urbana

Sheet 10+_Unidades_SET_26
A1: Controladoria Geral do Município - Ouvidoria Geral
A2: SIGRC - Sistema Integrado de Gerenciamento e Relacionamento com o Cidadão
A4: 10 unidades mais demandadas de Setembro/26
A6: Unidades PMSP* | B6: 46266
A7: Secretaria Municipal da Saúde | B7: 928
A8: Coordenadoria de Limpeza Urbana*** | B8: 542
A9: Secretaria Municipal das Subprefeituras | B9: 512
A10: São Paulo Transportes | B10: 510
A11: Companhia de Engenharia de Tráfego | B11: 445
A12: Secretaria Municipal da Fazenda | B12: 381
A13: Secretaria Municipal de Educação | B13: 285
A14: Secretaria Municipal de Assistência e Desenvolvimento Social | B14: 157
A15: Agência Reguladora de Serviços Públicos do Município | B15: 145
A16: Fora da competência da municipalidade | B16: 93
A17: Total | B17: =SUM(B7:B16) -> 3998
A19: * As Denúncias não estão sendo contabilizadas nessa aba da planilha, pois esses dados estão sendo exibidos em abas específicas.
A20: **A partir de maio de 2026, as demandas anteriormente classificadas sob a responsabilidade da Secretaria Municipal de Limpeza Urbana passaram a ser atribuídas à Coordenadoria de Limpeza Urbana
B22: =A7 -> Secretaria Municipal da Saúde | C22: =A8 -> Coordenadoria de Limpeza Urbana*** | D22: =A9 -> Secretaria Municipal das Subprefeituras | E22: =A10 -> São Paulo Transportes | F22: =A11 -> Companhia de Engenharia de Tráfego | G22: =A12 -> Secretaria Municipal da Fazenda | H22: =A13 -> Secretaria Municipal de Educação | I22: =A14 -> Secretaria Municipal de Assistência e Desenvolvimento Social | J22: =A15 -> Agência Reguladora de Serviços Públicos do Município | K22: =A16 -> Fora da competência da municipalidade | L22: Total
B23: =B7 -> 928 | C23: =B8 -> 542 | D23: =B9 -> 512 | E23: =B10 -> 510 | F23: =B11 -> 445 | G23: =B12 -> 381 | H23: =B13 -> 285 | I23: =B14 -> 157 | J23: =B15 -> 145 | K23: =B16 -> 93
K25: 310 | L25: =UNIDADES!E72 -> 5742

Sheet Subprefeituras_2026
A1: Controladoria Geral do Município - Ouvidoria Geral
A2: SIGRC - Sistema Integrado de Gerenciamento e Relacionamento com o Cidadão
A4: Subprefeituras PMSP* | B4: 46357 | C4: 46327 | D4: 46296 | E4: 46266 | F4: 46235 | G4: 46204 | H4: 46174 | I4: 46143 | J4: 46113 | K4: 46082 | L4: 46054 | M4: 46023 | N4: Total | O4: Média | P4: % Total dentre as subprefeituras
A5: Aricanduva | E5: 23 | F5: 25 | G5: 31 | H5: 30 | I5: 22 | J5: 13 | K5: 42 | L5: 22 | M5: 24 | N5: =SUM(B5:M5) -> 232 | O5: =AVERAGE(B5:M5) -> 25.777778 | P5: =N5/$N$37*100 -> 2.2803224
A6: Butantã | E6: 83 | F6: 88 | G6: 94 | H6: 118 | I6: 44 | J6: 102 | K6: 85 | L6: 65 | M6: 82 | N6: =SUM(B6:M6) -> 761 | O6: =AVERAGE(B6:M6) -> 84.555556 | P6: =N6/$N$37*100 -> 7.4798506
A7: Campo Limpo | E7: 42 | F7: 42 | G7: 37 | H7: 29 | I7: 39 | J7: 37 | K7: 45 | L7: 25 | M7: 26 | N7: =SUM(B7:M7) -> 322 | O7: =AVERAGE(B7:M7) -> 35.777778 | P7: =N7/$N$37*100 -> 3.1649302
A8: Capela do Socorro | E8: 65 | F8: 48 | G8: 45 | H8: 46 | I8: 47 | J8: 40 | K8: 57 | L8: 37 | M8: 41 | N8: =SUM(B8:M8) -> 426 | O8: =AVERAGE(B8:M8) -> 47.333333 | P8: =N8/$N$37*100 -> 4.1871437
A9: Casa Verde | E9: 28 | F9: 34 | G9: 39 | H9: 38 | I9: 32 | J9: 20 | K9: 33 | L9: 25 | M9: 36 | N9: =SUM(B9:M9) -> 285 | O9: =AVERAGE(B9:M9) -> 31.666667 | P9: =N9/$N$37*100 -> 2.8012581
A10: Cidade Ademar | E10: 33 | F10: 42 | G10: 41 | H10: 39 | I10: 38 | J10: 28 | K10: 38 | L10: 38 | M10: 25 | N10: =SUM(B10:M10) -> 322 | O10: =AVERAGE(B10:M10) -> 35.777778 | P10: =N10/$N$37*100 -> 3.1649302
A11: Cidade Tiradentes | E11: 13 | F11: 12 | G11: 3 | H11: 2 | I11: 3 | J11: 4 | K11: 7 | L11: 4 | M11: 9 | N11: =SUM(B11:M11) -> 57 | O11: =AVERAGE(B11:M11) -> 6.3333333 | P11: =N11/$N$37*100 -> 0.56025162
A12: Ermelino Matarazzo | E12: 16 | F12: 15 | G12: 6 | H12: 11 | I12: 9 | J12: 16 | K12: 25 | L12: 14 | M12: 9 | N12: =SUM(B12:M12) -> 121 | O12: =AVERAGE(B12:M12) -> 13.444444 | P12: =N12/$N$37*100 -> 1.1893061
A13: Freguesia/Brasilândia | E13: 18 | F13: 26 | G13: 21 | H13: 18 | I13: 18 | J13: 20 | K13: 25 | L13: 23 | M13: 19 | N13: =SUM(B13:M13) -> 188 | O13: =AVERAGE(B13:M13) -> 20.888889 | P13: =N13/$N$37*100 -> 1.8478475
A14: Guaianases | E14: 10 | F14: 15 | G14: 22 | H14: 9 | I14: 4 | J14: 8 | K14: 32 | L14: 20 | M14: 6 | N14: =SUM(B14:M14) -> 126 | O14: =AVERAGE(B14:M14) -> 14 | P14: =N14/$N$37*100 -> 1.238451
A15: Ipiranga | E15: 75 | F15: 58 | G15: 55 | H15: 79 | I15: 93 | J15: 48 | K15: 56 | L15: 69 | M15: 85 | N15: =SUM(B15:M15) -> 618 | O15: =AVERAGE(B15:M15) -> 68.666667 | P15: =N15/$N$37*100 -> 6.0743071
A16: Itaim Paulista | E16: 18 | F16: 14 | G16: 22 | H16: 13 | I16: 11 | J16: 12 | K16: 19 | L16: 15 | M16: 17 | N16: =SUM(B16:M16) -> 141 | O16: =AVERAGE(B16:M16) -> 15.666667 | P16: =N16/$N$37*100 -> 1.3858856
... A36: Vila Prudente | E36: 22 | F36: 29 | G36: 35 | H36: 23 | I36: 19 | J36: 23 | K36: 15 | L36: 17 | M36: 28 | N36: =SUM(B36:M36) -> 211 | O36: =AVERAGE(B36:M36) -> 23.444444 | P36: =N36/$N$37*100 -> 2.0739139
A37: Total | E37: =SUM(E5:E36) -> 1186 | F37: =SUM(F5:F36) -> 1251 | G37: =SUM(G5:G36) -> 1106 | H37: =SUM(H5:H36) -> 1057 | I37: =SUM(I5:I36) -> 1044 | J37: =SUM(J5:J36) -> 1113 | K37: =SUM(K5:K36) -> 1300 | L37: =SUM(L5:L36) -> 1039 | ... N37: =SUM(N5:N36) -> 10174 | O37: =AVERAGE(B37:M37) -> 1130.4444 | P37: =SUM(P5:P36) -> 100
A39: * As Denúncias não estão sendo contabilizadas nessa aba da planilha, pois esses dados estão sendo exibidos em abas específicas.

Sheet 10+_SUB's_2026
A1: Controladoria Geral do Município - Ouvidoria Geral | P1: =Subprefeituras_2026!E37 -> 1186
A2: SIGRC - Sistema Integrado de Gerenciamento e Relacionamento com o Cidadão
A4: Subprefeituras - 10 mais demandados de 2026 (Média)
A6: Subprefeituras PMSP* | B6: 46357 | C6: 46327 | D6: 46296 | E6: 46266 | F6: 46235 | G6: 46204 | H6: 46174 | I6: 46143 | J6: 46113 | K6: 46082 | L6: 46054 | M6: 46023 | N6: Total | O6: Média | P6: % em relação ao todo de SET/26 (excetuando-se denúncias)
A7: Butantã | E7: 83 | F7: 88 | G7: 94 | H7: 118 | I7: 44 | J7: 102 | K7: 85 | L7: 65 | M7: 82 | N7: =SUM(B7:M7) -> 761 | O7: =AVERAGE(B7:M7) -> 84.555556 | P7: =(E7*100)/$P$1 -> 6.9983137
A8: Sé | E8: 91 | F8: 79 | G8: 76 | H8: 61 | I8: 65 | J8: 92 | K8: 89 | L8: 83 | M8: 72 | N8: =SUM(B8:M8) -> 708 | O8: =AVERAGE(B8:M8) -> 78.666667 | P8: =(E8*100)/$P$1 -> 7.6728499
A9: Ipiranga | E9: 75 | F9: 58 | G9: 55 | H9: 79 | I9: 93 | J9: 48 | K9: 56 | L9: 69 | M9: 85 | N9: =SUM(B9:M9) -> 618 | O9: =AVERAGE(B9:M9) -> 68.666667 | P9: =(E9*100)/$P$1 -> 6.3237774
A10: Santo Amaro | E10: 49 | F10: 89 | G10: 63 | H10: 53 | I10: 60 | J10: 59 | K10: 61 | L10: 45 | M10: 43 | N10: =SUM(B10:M10) -> 522 | O10: =AVERAGE(B10:M10) -> 58 | P10: =(E10*100)/$P$1 -> 4.1315346
A11: Itaquera | E11: 57 | F11: 55 | G11: 43 | H11: 73 | I11: 49 | J11: 64 | K11: 51 | L11: 40 | M11: 59 | N11: =SUM(B11:M11) -> 491 | O11: =AVERAGE(B11:M11) -> 54.555556 | P11: =(E11*100)/$P$1 -> 4.8060708
A12: Mooca | E12: 48 | F12: 52 | G12: 55 | H12: 59 | I12: 57 | J12: 54 | K12: 58 | L12: 43 | M12: 61 | N12: =SUM(B12:M12) -> 487 | O12: =AVERAGE(B12:M12) -> 54.111111 | P12: =(E12*100)/$P$1 -> 4.0472175
A13: Penha | E13: 59 | F13: 80 | G13: 44 | H13: 47 | I13: 58 | J13: 43 | K13: 50 | L13: 53 | M13: 52 | N13: =SUM(B13:M13) -> 486 | O13: =AVERAGE(B13:M13) -> 54 | P13: =(E13*100)/$P$1 -> 4.9747049
A14: Lapa | E14: 52 | F14: 56 | G14: 40 | H14: 34 | I14: 44 | J14: 55 | K14: 80 | L14: 61 | M14: 52 | N14: =SUM(B14:M14) -> 474 | O14: =AVERAGE(B14:M14) -> 52.666667 | P14: =(E14*100)/$P$1 -> 4.3844857
A15: Vila Mariana | E15: 57 | F15: 56 | G15: 43 | H15: 36 | I15: 59 | J15: 44 | K15: 62 | L15: 45 | M15: 34 | N15: =SUM(B15:M15) -> 436 | O15: =AVERAGE(B15:M15) -> 48.444444 | P15: =(E15*100)/$P$1 -> 4.8060708
A16: Pinheiros | E16: 67 | F16: 56 | G16: 40 | H16: 31 | I16: 48 | J16: 49 | K16: 47 | L16: 49 | M16: 42 | N16: =SUM(B16:M16) -> 429 | O16: =AVERAGE(B16:M16) -> 47.666667 | P16: =(E16*100)/$P$1 -> 5.6492411
A17: Total | E17: =SUM(E7:E16) -> 638 | F17: =SUM(F7:F16) -> 669 | G17: =SUM(G7:G16) -> 553 | H17: =SUM(H7:H16) -> 591 | I17: =SUM(I7:I16) -> 577 | J17: =SUM(J7:J16) -> 610 | K17: =SUM(K7:K16) -> 639 | L17: =SUM(L7:L16) -> 553 | M17: =SUM(M7:M16) -> 582 | N17: =SUM(B17:M17) -> 5412 | O17: =AVERAGE(B17:M17) -> 601.33333 | P17: =(E17*100)/$P$1 -> 53.794266
A18: Outros | P18: =100-P17 -> 46.205734
A36: * As Denúncias não estão sendo contabilizadas nessa aba da planilha, pois esses dados estão sendo exibidos em abas específicas.

Sheet Subs_-Variação_10_mais_2026
A1: Controladoria Geral do Município - Ouvidoria Geral
A2: SIGRC - Sistema Integrado de Gerenciamento e Relacionamento com o Cidadão
A4: Subprefeituras - variação dos 10 mais solicitadas de 2026 (MÉDIA)
A6: *Protocolos - valores absolutos do mês
A7: ** Variação percentual em relação ao mês imediatamente anterior.
B8: 96 | F8: 83 | J8: 61 | N8: 35
A9: ='10+_SUB''s_2026'!A7 -> Butantã | E9: ='10+_SUB''s_2026'!A8 -> Sé | I9: ='10+_SUB''s_2026'!A9 -> Ipiranga | M9: ='10+_SUB''s_2026'!A10 -> Santo Amaro
A10: Meses | B10: Protocolos* | C10: Variação** | E10: Meses | F10: Protocolos* | G10: Variação** | I10: Meses | J10: Protocolos* | K10: Variação** | M10: Meses | N10: Protocolos* | O10: Variação**
A11: 46023 | B11: ='10+_SUB''s_2026'!M7 -> 82 | C11: =((B11-B8)/B8)*100 -> -14.583333 | E11: 46023 | F11: ='10+_SUB''s_2026'!M8 -> 72 | G11: =((F11-F8)/F8)*100 -> -13.253012 | I11: 46023 | J11: ='10+_SUB''s_2026'!M9 -> 85 | K11: =((J11-J8)/J8)*100 -> 39.344262 | M11: 46023 | N11: ='10+_SUB''s_2026'!M10 -> 43 | O11: =((N11-N8)/N8)*100 -> 22.857143
A12: 46054 | B12: ='10+_SUB''s_2026'!L7 -> 65 | C12: =((B12-51)/51)*100 -> 27.45098 | E12: 46054 | F12: ='10+_SUB''s_2026'!L8 -> 83 | G12: =((F12-F11)/F11)*100 -> 15.277778 | I12: 46054 | J12: ='10+_SUB''s_2026'!L9 -> 69 | K12: =((J12-J11)/J11)*100 -> -18.823529 | M12: 46054 | N12: ='10+_SUB''s_2026'!L10 -> 45 | O12: =((N12-N11)/N11)*100 -> 4.6511628
A13: 46082 | B13: ='10+_SUB''s_2026'!K7 -> 85 | C13: =((B13-B12)/B12)*100 -> 30.769231 | E13: 46082 | F13: ='10+_SUB''s_2026'!$K$8 -> 89 | G13: =((F13-F12)/F12)*100 -> 7.2289157 | I13: 46082 | J13: ='10+_SUB''s_2026'!$K$9 -> 56 | K13: =((J13-J12)/J12)*100 -> -18.84058 | M13: 46082 | N13: ='10+_SUB''s_2026'!$K$10 -> 61 | O13: =((N13-N12)/N12)*100 -> 35.555556
A14: 46113 | B14: ='10+_SUB''s_2026'!J$7 -> 102 | C14: =((B14-B13)/B13)*100 -> 20 | E14: 46113 | F14: ='10+_SUB''s_2026'!J$8 -> 92 | G14: =((F14-F13)/F13)*100 -> 3.3707865 | I14: 46113 | J14: ='10+_SUB''s_2026'!J$9 -> 48 | K14: =((J14-J13)/J13)*100 -> -14.285714 | M14: 46113 | N14: ='10+_SUB''s_2026'!J$10 -> 59 | O14: =((N14-N13)/N13)*100 -> -3.2786885
A15: 46143 | B15: ='10+_SUB''s_2026'!I$7 -> 44 | C15: =((B15-B14)/B14)*100 -> -56.862745 | E15: 46143 | F15: ='10+_SUB''s_2026'!I$8 -> 65 | G15: =((F15-F14)/F14)*100 -> -29.347826 | I15: 46143 | J15: ='10+_SUB''s_2026'!I$9 -> 93 | K15: =((J15-J14)/J14)*100 -> 93.75 | M15: 46143 | N15: ='10+_SUB''s_2026'!I$10 -> 60 | O15: =((N15-N14)/N14)*100 -> 1.6949153
A16: 46174 | B16: ='10+_SUB''s_2026'!H$7 -> 118 | C16: =((B16-B15)/B15)*100 -> 168.18182 | E16: 46174 | F16: ='10+_SUB''s_2026'!H$8 -> 61 | G16: =((F16-F15)/F15)*100 -> -6.1538462 | I16: 46174 | J16: ='10+_SUB''s_2026'!H$9 -> 79 | K16: =((J16-J15)/J15)*100 -> -15.053763 | M16: 46174 | N16: ='10+_SUB''s_2026'!H$10 -> 53 | O16: =((N16-N15)/N15)*100 -> -11.666667
A17: 46204 | B17: ='10+_SUB''s_2026'!G$7 -> 94 | C17: =((B17-B16)/B16)*100 -> -20.338983 | E17: 46204 | F17: ='10+_SUB''s_2026'!G$8 -> 76 | G17: =((F17-F16)/F16)*100 -> 24.590164 | I17: 46204 | J17: ='10+_SUB''s_2026'!G$9 -> 55 | K17: =((J17-J16)/J16)*100 -> -30.379747 | M17: 46204 | N17: ='10+_SUB''s_2026'!G$10 -> 63 | O17: =((N17-N16)/N16)*100 -> 18.867925
A18: 46235 | B18: ='10+_SUB''s_2026'!F$7 -> 88 | C18: =((B18-B17)/B17)*100 -> -6.3829787 | E18: 46235 | F18: ='10+_SUB''s_2026'!F$8 -> 79 | G18: =((F18-F17)/F17)*100 -> 3.9473684 | I18: 46235 | J18: ='10+_SUB''s_2026'!F$9 -> 58 | K18: =((J18-J17)/J17)*100 -> 5.4545455 | M18: 46235 | N18: ='10+_SUB''s_2026'!F$10 -> 89 | O18: =((N18-N17)/N17)*100 -> 41.269841
A19: 46266 | B19: ='10+_SUB''s_2026'!E$7 -> 83 | C19: =((B19-B18)/B18)*100 -> -5.6818182 | E19: 46266 | F19: ='10+_SUB''s_2026'!E$8 -> 91 | G19: =((F19-F18)/F18)*100 -> 15.189873 | I19: 46266 | J19: ='10+_SUB''s_2026'!E$9 -> 75 | K19: =((J19-J18)/J18)*100 -> 29.310345 | M19: 46266 | N19: ='10+_SUB''s_2026'!E$10 -> 49 | O19: =((N19-N18)/N18)*100 -> -44.94382
A20: 46296 | B20: ='10+_SUB''s_2026'!D$7 -> 0 | C20: =((B20-B19)/B19)*100 -> -100 | E20: 46296 | F20: ='10+_SUB''s_2026'!D$8 -> 0 | G20: =((F20-F19)/F19)*100 -> -100 | I20: 46296 | J20: ='10+_SUB''s_2026'!D$9 -> 0 | K20: =((J20-J19)/J19)*100 -> -100 | M20: 46296 | N20: ='10+_SUB''s_2026'!D$10 -> 0 | O20: =((N20-N19)/N19)*100 -> -100
A21: 46327 | B21: ='10+_SUB''s_2026'!C$7 -> 0 | C21: =((B21-B20)/B20)*100 -> #DIV/0! | E21: 46327 | F21: ='10+_SUB''s_2026'!C$8 -> 0 | G21: =((F21-F20)/F20)*100 -> #DIV/0! | I21: 46327 | J21: ='10+_SUB''s_2026'!C$9 -> 0 | K21: =((J21-J20)/J20)*100 -> #DIV/0! | M21: 46327 | N21: ='10+_SUB''s_2026'!C$10 -> 0 | O21: =((N21-N20)/N20)*100 -> #DIV/0!
A22: 46357 | B22: ='10+_SUB''s_2026'!B$7 -> 0 | C22: =((B22-B21)/B21)*100 -> #DIV/0! | E22: 46357 | F22: ='10+_SUB''s_2026'!B$8 -> 0 | G22: =((F22-F21)/F21)*100 -> #DIV/0! | I22: 46357 | J22: ='10+_SUB''s_2026'!B$9 -> 0 | K22: =((J22-J21)/J21)*100 -> #DIV/0! | M22: 46357 | N22: ='10+_SUB''s_2026'!B$10 -> 0 | O22: =((N22-N21)/N21)*100 -> #DIV/0!
B24: 34 | F24: 29 | J24: 64 | N24: 50
A25: ='10+_SUB''s_2026'!A11 -> Itaquera | E25: ='10+_SUB''s_2026'!A12 -> Mooca | I25: ='10+_SUB''s_2026'!A13 -> Penha | M25: ='10+_SUB''s_2026'!A14 -> Lapa
A26: Meses | B26: Protocolos* | C26: Variação** | E26: Meses | F26: Protocolos* | G26: Variação** | I26: Meses | J26: Protocolos* | K26: Variação** | M26: Meses | N26: Protocolos* | O26: Variação**
A27: 46023 | B27: ='10+_SUB''s_2026'!M11 -> 59 | C27: =((B27-B24)/B24)*100 -> 73.529412 | E27: 46023 | F27: ='10+_SUB''s_2026'!M12 -> 61 | G27: =((F27-F24)/F24)*100 -> 110.34483 | I27: 46023 | J27: ='10+_SUB''s_2026'!M13 -> 52 | K27: =((J27-J24)/J24)*100 -> -18.75 | M27: 46023 | N27: ='10+_SUB''s_2026'!M14 -> 52 | O27: =((N27-N24)/N24)*100 -> 4
A28: 46054 | B28: ='10+_SUB''s_2026'!L11 -> 40 | C28: =((B28-B27)/B27)*100 -> -32.20339 | E28: 46054 | F28: ='10+_SUB''s_2026'!L12 -> 43 | G28: =((F28-F27)/F27)*100 -> -29.508197 | I28: 46054 | J28: ='10+_SUB''s_2026'!L13 -> 53 | K28: =((J28-J27)/J27)*100 -> 1.9230769 | M28: 46054 | N28: ='10+_SUB''s_2026'!L14 -> 61 | O28: =((N28-N27)/N27)*100 -> 17.307692
A29: 46082 | B29: ='10+_SUB''s_2026'!$K$11 -> 51 | C29: =((B29-B28)/B28)*100 -> 27.5 | E29: 46082 | F29: ='10+_SUB''s_2026'!$K$12 -> 58 | G29: =((F29-F28)/F28)*100 -> 34.883721 | I29: 46082 | J29: ='10+_SUB''s_2026'!$K$13 -> 50 | K29: =((J29-J28)/J28)*100 -> -5.6603774 | M29: 46082 | N29: ='10+_SUB''s_2026'!$K$14 -> 80 | O29: =((N29-N28)/N28)*100 -> 31.147541
A30: 46113 | B30: ='10+_SUB''s_2026'!J$11 -> 64 | C30: =((B30-B29)/B29)*100 -> 25.490196 | E30: 46113 | F30: ='10+_SUB''s_2026'!J$12 -> 54 | G30: =((F30-F29)/F29)*100 -> -6.8965517 | I30: 46113 | J30: ='10+_SUB''s_2026'!J$13 -> 43 | K30: =((J30-J29)/J29)*100 -> -14 | M30: 46113 | N30: ='10+_SUB''s_2026'!J$14 -> 55 | O30: =((N30-N29)/N29)*100 -> -31.25
A31: 46143 | B31: ='10+_SUB''s_2026'!I$11 -> 49 | C31: =((B31-B30)/B30)*100 -> -23.4375 | E31: 46143 | F31: ='10+_SUB''s_2026'!I$12 -> 57 | G31: =((F31-F30)/F30)*100 -> 5.5555556 | I31: 46143 | J31: ='10+_SUB''s_2026'!I$13 -> 58 | K31: =((J31-J30)/J30)*100 -> 34.883721 | M31: 46143 | N31: ='10+_SUB''s_2026'!I$14 -> 44 | O31: =((N31-N30)/N30)*100 -> -20
A32: 46174 | B32: ='10+_SUB''s_2026'!H$11 -> 73 | C32: =((B32-B31)/B31)*100 -> 48.979592 | E32: 46174 | F32: ='10+_SUB''s_2026'!H$12 -> 59 | G32: =((F32-F31)/F31)*100 -> 3.5087719 | I32: 46174 | J32: ='10+_SUB''s_2026'!H$13 -> 47 | K32: =((J32-J31)/J31)*100 -> -18.965517 | M32: 46174 | N32: ='10+_SUB''s_2026'!H$14 -> 34 | O32: =((N32-N31)/N31)*100 -> -22.727273
A33: 46204 | B33: ='10+_SUB''s_2026'!G$11 -> 43 | C33: =((B33-B32)/B32)*100 -> -41.09589 | E33: 46204 | F33: ='10+_SUB''s_2026'!G$12 -> 55 | G33: =((F33-F32)/F32)*100 -> -6.779661 | I33: 46204 | J33: ='10+_SUB''s_2026'!G$13 -> 44 | K33: =((J33-J32)/J32)*100 -> -6.3829787 | M33: 46204 | N33: ='10+_SUB''s_2026'!G$14 -> 40 | O33: =((N33-N32)/N32)*100 -> 17.647059
A34: 46235 | B34: ='10+_SUB''s_2026'!F$11 -> 55 | C34: =((B34-B33)/B33)*100 -> 27.906977 | E34: 46235 | F34: ='10+_SUB''s_2026'!F$12 -> 52 | G34: =((F34-F33)/F33)*100 -> -5.4545455 | I34: 46235 | J34: ='10+_SUB''s_2026'!F$13 -> 80 | K34: =((J34-J33)/J33)*100 -> 81.818182 | M34: 46235 | N34: ='10+_SUB''s_2026'!F$14 -> 56 | O34: =((N34-N33)/N33)*100 -> 40
A35: 46266 | B35: ='10+_SUB''s_2026'!E$11 -> 57 | C35: =((B35-B34)/B34)*100 -> 3.6363636 | E35: 46266 | F35: ='10+_SUB''s_2026'!E$12 -> 48 | G35: =((F35-F34)/F34)*100 -> -7.6923077 | I35: 46266 | J35: ='10+_SUB''s_2026'!E$13 -> 59 | K35: =((J35-J34)/J34)*100 -> -26.25 | M35: 46266 | N35: ='10+_SUB''s_2026'!E$14 -> 52 | O35: =((N35-N34)/N34)*100 -> -7.1428571
A36: 46296 | B36: ='10+_SUB''s_2026'!D$11 -> 0 | C36: =((B36-B35)/B35)*100 -> -100 | E36: 46296 | F36: ='10+_SUB''s_2026'!D$12 -> 0 | G36: =((F36-F35)/F35)*100 -> -100 | I36: 46296 | J36: ='10+_SUB''s_2026'!D$13 -> 0 | K36: =((J36-J35)/J35)*100 -> -100 | M36: 46296 | N36: ='10+_SUB''s_2026'!D$14 -> 0 | O36: =((N36-N35)/N35)*100 -> -100
A37: 46327 | B37: ='10+_SUB''s_2026'!C$11 -> 0 | C37: =((B37-B36)/B36)*100 -> #DIV/0! | E37: 46327 | F37: ='10+_SUB''s_2026'!C$12 -> 0 | G37: =((F37-F36)/F36)*100 -> #DIV/0! | I37: 46327 | J37: ='10+_SUB''s_2026'!C$13 -> 0 | K37: =((J37-J36)/J36)*100 -> #DIV/0! | M37: 46327 | N37: ='10+_SUB''s_2026'!C$14 -> 0 | O37: =((N37-N36)/N36)*100 -> #DIV/0!
A38: 46357 | B38: ='10+_SUB''s_2026'!B$11 -> 0 | C38: =((B38-B37)/B37)*100 -> #DIV/0! | E38: 46357 | F38: ='10+_SUB''s_2026'!B$12 -> 0 | G38: =((F38-F37)/F37)*100 -> #DIV/0! | I38: 46357 | J38: ='10+_SUB''s_2026'!B$13 -> 0 | K38: =((J38-J37)/J37)*100 -> #DIV/0! | M38: 46357 | N38: ='10+_SUB''s_2026'!B$14 -> 0 | O38: =((N38-N37)/N37)*100 -> #DIV/0!
B40: 43 | F40: 35
A41: ='10+_SUB''s_2026'!A15 -> Vila Mariana | E41: ='10+_SUB''s_2026'!A16 -> Pinheiros
A42: Meses | B42: Protocolos* | C42: Variação** | E42: Meses | F42: Protocolos* | G42: Variação**
A43: 46023 | B43: ='10+_SUB''s_2026'!M15 -> 34 | C43: =((B43-B40)/B40)*100 -> -20.930233 | E43: 46023 | F43: ='10+_SUB''s_2026'!M16 -> 42 | G43: =((F43-F40)/F40)*100 -> 20
A44: 46054 | B44: ='10+_SUB''s_2026'!L15 -> 45 | C44: =((B44-B43)/B43)*100 -> 32.352941 | E44: 46054 | F44: ='10+_SUB''s_2026'!L16 -> 49 | G44: =((F44-F43)/F43)*100 -> 16.666667
A45: 46082 | B45: ='10+_SUB''s_2026'!$K$15 -> 62 | C45: =((B45-B44)/B44)*100 -> 37.777778 | E45: 46082 | F45: ='10+_SUB''s_2026'!$K$16 -> 47 | G45: =((F45-F44)/F44)*100 -> -4.0816327
A46: 46113 | B46: ='10+_SUB''s_2026'!J$15 -> 44 | C46: =((B46-B45)/B45)*100 -> -29.032258 | E46: 46113 | F46: ='10+_SUB''s_2026'!J$16 -> 49 | G46: =((F46-F45)/F45)*100 -> 4.2553191
A47: 46143 | B47: ='10+_SUB''s_2026'!I$15 -> 59 | C47: =((B47-B46)/B46)*100 -> 34.090909 | E47: 46143 | F47: ='10+_SUB''s_2026'!I$16 -> 48 | G47: =((F47-F46)/F46)*100 -> -2.0408163
A48: 46174 | B48: ='10+_SUB''s_2026'!H$15 -> 36 | C48: =((B48-B47)/B47)*100 -> -38.983051 | E48: 46174 | F48: ='10+_SUB''s_2026'!H$16 -> 31 | G48: =((F48-F47)/F47)*100 -> -35.416667
A49: 46204 | B49: ='10+_SUB''s_2026'!G$15 -> 43 | C49: =((B49-B48)/B48)*100 -> 19.444444 | E49: 46204 | F49: ='10+_SUB''s_2026'!G$16 -> 40 | G49: =((F49-F48)/F48)*100 -> 29.032258
A50: 46235 | B50: ='10+_SUB''s_2026'!F$15 -> 56 | C50: =((B50-B49)/B49)*100 -> 30.232558 | E50: 46235 | F50: ='10+_SUB''s_2026'!F$16 -> 56 | G50: =((F50-F49)/F49)*100 -> 40
A51: 46266 | B51: ='10+_SUB''s_2026'!E$15 -> 57 | C51: =((B51-B50)/B50)*100 -> 1.7857143 | E51: 46266 | F51: ='10+_SUB''s_2026'!E$16 -> 67 | G51: =((F51-F50)/F50)*100 -> 19.642857
A52: 46296 | B52: ='10+_SUB''s_2026'!D$15 -> 0 | C52: =((B52-B51)/B51)*100 -> -100 | E52: 46296 | F52: ='10+_SUB''s_2026'!D$16 -> 0 | G52: =((F52-F51)/F51)*100 -> -100
A53: 46327 | B53: ='10+_SUB''s_2026'!C$15 -> 0 | C53: =((B53-B52)/B52)*100 -> #DIV/0! | E53: 46327 | F53: ='10+_SUB''s_2026'!C$16 -> 0 | G53: =((F53-F52)/F52)*100 -> #DIV/0!
A54: 46357 | B54: ='10+_SUB''s_2026'!B$15 -> 0 | C54: =((B54-B53)/B53)*100 -> #DIV/0! | E54: 46357 | F54: ='10+_SUB''s_2026'!B$16 -> 0 | G54: =((F54-F53)/F53)*100 -> #DIV/0!

Sheet 10+_Subprefeituras_SET_26
A1: Controladoria Geral do Município - Ouvidoria Geral
A2: SIGRC - Sistema Integrado de Gerenciamento e Relacionamento com o Cidadão
A4: 10 Subprefeituras mais demandadas de Setembro/26
A6: Subprefeituras PMSP* | B6: 46266
A7: Sé | B7: 91
A8: Butantã | B8: 83
A9: Ipiranga | B9: 75
A10: Pinheiros | B10: 67
A11: Capela do Socorro | B11: 65
A12: Penha | B12: 59
A13: Itaquera | B13: 57
A14: Vila Mariana | B14: 57
A15: Pirituba/Jaraguá | B15: 55
A16: Lapa | B16: 52
A17: Total | B17: =SUM(B7:B16) -> 661
A18: * As Denúncias não estão sendo contabilizadas nessa aba da planilha, pois esses dados estão sendo exibidos em abas específicas.

Sheet Denúncia_Protocolos_2026
A1: Controladoria Geral do Município - Ouvidoria Geral
A2: SIGRC - Sistema Integrado de Gerenciamento e Relacionamento com o Cidadão
A4: Protocolos | B4: 46357 | C4: 46327 | D4: 46296 | E4: 46266 | F4: 46235 | G4: 46204 | H4: 46174 | I4: 46143 | J4: 46113 | K4: 46082 | L4: 46054 | M4: 46023 | N4: Total | O4: Média anual | P4: % Total SET/26 dentro do STATUS | Q4: % Total 2026
A5: Denúncias
A6: Recebidas | E6: 165 | F6: 153 | G6: 157 | H6: 133 | I6: 138 | J6: 104 | K6: 88 | L6: 93 | M6: 109 | N6: =SUM(B6:M6) -> 1140 | O6: =AVERAGE(B6:M6) -> 126.66667 | P6: =(E6/E$9)*100 -> 32.868526 | Q6: =(N6/N$15)*100 -> 12.549538
A7: Não Recebidas | E7: 337 | F7: 302 | G7: 293 | H7: 307 | I7: 369 | J7: 293 | K7: 328 | L7: 247 | M7: 290 | N7: =SUM(B7:M7) -> 2766 | O7: =AVERAGE(B7:M7) -> 307.33333 | P7: =(E7/E$9)*100 -> 67.131474 | Q7: =(N7/N$15)*100 -> 30.449141
A8: Canceladas | E8: 0 | F8: 0 | G8: 0 | H8: 0 | I8: 1 | J8: 1 | K8: 10 | L8: 11 | M8: 3 | N8: =SUM(B8:M8) -> 26 | O8: =AVERAGE(B8:M8) -> 2.8888889 | Q8: =(N8/N$15)*100 -> 0.28621753
A9: Total de denúncias *(exceto canceladas) | E9: =SUM(E6:E7) -> 502 | F9: =SUM(F6:F7) -> 455 | G9: =SUM(G6:G7) -> 450 | H9: =SUM(H6:H7) -> 440 | I9: =SUM(I6:I7) -> 507 | J9: =SUM(J6:J7) -> 397 | K9: =SUM(K6:K7) -> 416 | L9: =SUM(L6:L7) -> 340 | ... N9: =SUM(N6:N7) -> 3906 | O9: =AVERAGE(B9:M9) -> 434 | P9: =SUM(P6:P7) -> 100
A10: Total denúncias | E10: =SUM(E6:E8) -> 502 | F10: =SUM(F6:F8) -> 455 | G10: =SUM(G6:G8) -> 450 | H10: =SUM(H6:H8) -> 440 | I10: =SUM(I6:I8) -> 508 | J10: =SUM(J6:J8) -> 398 | K10: =SUM(K6:K8) -> 426 | L10: =SUM(L6:L8) -> 351 | ... N10: =SUM(N6:N8) -> 3932 | O10: =AVERAGE(B10:M10) -> 436.88889 | Q10: =SUM(Q6:Q8) -> 43.284897
A12: Convertidas
A13: Convertidas | E13: 620 | F13: 583 | G13: 501 | H13: 401 | I13: 531 | J13: 637 | K13: 714 | L13: 606 | M13: 559 | N13: =SUM(B13:M13) -> 5152 | O13: =AVERAGE(B13:M13) -> 572.44444 | Q13: =(N13/N$15)*100 -> 56.715103
A15: Total Geral | E15: =E10+E13 -> 1122 | F15: =F10+F13 -> 1038 | G15: =G10+G13 -> 951 | H15: =H10+H13 -> 841 | I15: =I10+I13 -> 1039 | J15: =J10+J13 -> 1035 | K15: =K10+K13 -> 1140 | L15: =L10+L13 -> 957 | ... N15: =N10+N13 -> 9084 | O15: =AVERAGE(B15:M15) -> 1009.3333 | Q15: =SUM(Q10:Q13) -> 100
A17: Denúncias (exceto canceladas) | E17: Convertidas
A18: Meses | B18: Protocolos | C18: Variação | E18: Meses | F18: Protocolos | G18: Variação
A19: 46023 | B19: =M9 -> 399 | C19: =((B19-319)/319)*100 -> 25.07837 | E19: 46023 | F19: =M13 -> 559 | G19: =((F19-492)/492)*100 -> 13.617886
A20: 46054 | B20: =L9 -> 340 | C20: =((B20-B19)/B19)*100 -> -14.786967 | E20: 46054 | F20: =L13 -> 606 | G20: =((F20-F19)/F19)*100 -> 8.4078712
A21: 46082 | B21: =K9 -> 416 | C21: =((B21-B20)/B20)*100 -> 22.352941 | E21: 46082 | F21: =K13 -> 714 | G21: =((F21-F20)/F20)*100 -> 17.821782
A22: 46113 | B22: =J9 -> 397 | C22: =((B22-B21)/B21)*100 -> -4.5673077 | E22: 46113 | F22: =J13 -> 637 | G22: =((F22-F21)/F21)*100 -> -10.784314
A23: 46143 | B23: =I9 -> 507 | C23: =((B23-B22)/B22)*100 -> 27.707809 | E23: 46143 | F23: =I13 -> 531 | G23: =((F23-F22)/F22)*100 -> -16.640502
A24: 46174 | B24: =H9 -> 440 | C24: =((B24-B23)/B23)*100 -> -13.21499 | E24: 46174 | F24: =H13 -> 401 | G24: =((F24-F23)/F23)*100 -> -24.482109
A25: 46204 | B25: =G9 -> 450 | C25: =((B25-B24)/B24)*100 -> 2.2727273 | E25: 46204 | F25: =G13 -> 501 | G25: =((F25-F24)/F24)*100 -> 24.937656
A26: 46235 | B26: =F9 -> 455 | C26: =((B26-B25)/B25)*100 -> 1.1111111 | E26: 46235 | F26: =F13 -> 583 | G26: =((F26-F25)/F25)*100 -> 16.367265
A27: 46266 | B27: =E9 -> 502 | C27: =((B27-B26)/B26)*100 -> 10.32967 | E27: 46266 | F27: =E13 -> 620 | G27: =((F27-F26)/F26)*100 -> 6.3464837
A28: 46296 | C28: =((B28-B27)/B27)*100 -> -100 | E28: 46296 | G28: =((F28-F27)/F27)*100 -> -100
A29: 46327 | C29: =((B29-B28)/B28)*100 -> #DIV/0! | E29: 46327 | G29: =((F29-F28)/F28)*100 -> #DIV/0!
A30: 46357 | C30: =((B30-B29)/B29)*100 -> #DIV/0! | E30: 46357 | G30: =((F30-F29)/F29)*100 -> #DIV/0!
A31: Total | B31: =SUM(B19:B30) -> 3906 | E31: Total | F31: =SUM(F19:F30) -> 5152
A32: Média | B32: =AVERAGE(B19:B30) -> 434 | E32: Média | F32: =AVERAGE(F19:F30) -> 572.44444
A34: Detalhamento de Denúncias | J34: Detalhamento | Denúncias sobre o BRT Aricanduva***
B35: Assédio moral | C35: Assédio sexual ** | D35: Denunciar conduta inadequada de Agente Público | E35: Desvio de verbas, materiais e bens públicos | F35: Ilegalidade na gestão pública municipal | G35: Irregularidade da contratação e/ou gestão de serviço público | H35: Total Geral | L35: Assédio moral | M35: Assédio sexual ** | N35: Denunciar conduta inadequada de Agente Público | O35: Desvio de verbas, materiais e bens públicos | P35: Ilegalidade na gestão pública municipal | Q35: Irregularidade da contratação e/ou gestão de serviço público | R35: Total Geral
A36: Indeferidas | J36: Indeferidas
A37: 46023 | B37: 31 | C37: 9 | D37: 113 | E37: 13 | F37: 82 | G37: 42 | H37: =SUM(B37:G37) -> 290 | J37: 46023
A38: 46054 | B38: 20 | C38: 11 | D38: 90 | E38: 11 | F38: 47 | G38: 68 | H38: =SUM(B38:G38) -> 247 | J38: 46054
A39: 46082 | B39: 39 | C39: 13 | D39: 117 | E39: 16 | F39: 59 | G39: 84 | H39: =SUM(B39:G39) -> 328 | J39: 46082 | L39: 0 | M39: 0 | N39: 0 | O39: 0 | P39: 0 | Q39: 0 | R39: =SUM(L39:Q39) -> 0
A40: 46113 | B40: 33 | C40: 3 | D40: 131 | E40: 11 | F40: 54 | G40: 61 | H40: =SUM(B40:G40) -> 293 | J40: 46113 | L40: 0 | M40: 0 | N40: 0 | O40: 0 | P40: 0 | Q40: 0 | R40: =SUM(L40:Q40) -> 0
A41: 46143 | B41: 32 | C41: 10 | D41: 158 | E41: 10 | F41: 60 | G41: 99 | H41: =SUM(B41:G41) -> 369 | J41: 46143 | L41: 0 | M41: 0 | N41: 0 | O41: 0 | P41: 0 | Q41: 0 | R41: =SUM(L41:Q41) -> 0
A42: 46174 | B42: 34 | C42: 3 | D42: 128 | E42: 6 | F42: 57 | G42: 79 | H42: =SUM(B42:G42) -> 307 | J42: 46174 | L42: 0 | M42: 0 | N42: 0 | O42: 0 | P42: 0 | Q42: 0 | R42: =SUM(L42:Q42) -> 0
A43: 46204 | B43: 25 | C43: 2 | D43: 132 | E43: 10 | F43: 46 | G43: 78 | H43: =SUM(B43:G43) -> 293 | J43: 46204 | L43: 0 | M43: 0 | N43: 0 | O43: 0 | P43: 0 | Q43: 0 | R43: =SUM(L43:Q43) -> 0
A44: 46235 | B44: 32 | C44: 10 | D44: 142 | E44: 7 | F44: 45 | G44: 66 | H44: =SUM(B44:G44) -> 302 | J44: 46235 | L44: 0 | M44: 0 | N44: 0 | O44: 0 | P44: 0 | Q44: 0 | R44: =SUM(L44:Q44) -> 0
A45: 46266 | B45: 31 | C45: 5 | D45: 178 | E45: 10 | F45: 44 | G45: 69 | H45: =SUM(B45:G45) -> 337 | J45: 46266 | L45: 0 | M45: 0 | N45: 0 | O45: 0 | P45: 0 | Q45: 0 | R45: =SUM(L45:Q45) -> 0
A46: 46296 | H46: =SUM(B46:G46) -> 0 | J46: 46296 | R46: =SUM(L46:Q46) -> 0
A47: 46327 | H47: =SUM(B47:G47) -> 0 | J47: 46327 | R47: =SUM(L47:Q47) -> 0
A48: 46357 | H48: =SUM(B48:G48) -> 0 | J48: 46357 | R48: =SUM(L48:Q48) -> 0
A49: Total indeferidas | B49: =SUM(B37:B48) -> 277 | C49: =SUM(C37:C48) -> 66 | D49: =SUM(D37:D48) -> 1189 | E49: =SUM(E37:E48) -> 94 | F49: =SUM(F37:F48) -> 494 | G49: =SUM(G37:G48) -> 646 | H49: =SUM(H37:H48) -> 2766 | J49: Total indeferidas | L49: =SUM(L37:L48) -> 0 | M49: =SUM(M37:M48) -> 0 | N49: =SUM(N37:N48) -> 0 | O49: =SUM(O37:O48) -> 0 | P49: =SUM(P37:P48) -> 0 | Q49: =SUM(Q37:Q48) -> 0 | R49: =SUM(R37:R48) -> 0
A51: Deferidas | J51: Deferidas
A52: 46023 | B52: 6 | C52: 15 | D52: 44 | E52: 1 | F52: 15 | G52: 28 | H52: =SUM(B52:G52) -> 109 | J52: 46023
A53: 46054 | B53: 4 | C53: 12 | D53: 36 | E53: 1 | F53: 14 | G53: 26 | H53: =SUM(B53:G53) -> 93 | J53: 46054
A54: 46082 | B54: 5 | C54: 14 | D54: 30 | E54: 2 | F54: 12 | G54: 25 | H54: =SUM(B54:G54) -> 88 | J54: 46082 | L54: 0 | M54: 0 | N54: 0 | O54: 0 | P54: 0 | Q54: 0 | R54: =SUM(L54:Q54) -> 0
A55: 46113 | B55: 12 | C55: 8 | D55: 35 | E55: 0 | F55: 23 | G55: 26 | H55: =SUM(B55:G55) -> 104 | J55: 46113 | L55: 0 | M55: 0 | N55: 0 | O55: 0 | P55: 0 | Q55: 0 | R55: =SUM(L55:Q55) -> 0
A56: 46143 | B56: 2 | C56: 5 | D56: 49 | E56: 1 | F56: 29 | G56: 52 | H56: =SUM(B56:G56) -> 138 | J56: 46143 | L56: 0 | M56: 0 | N56: 0 | O56: 0 | P56: 0 | Q56: 0 | R56: =SUM(L56:Q56) -> 0
A57: 46174 | B57: 6 | C57: 15 | D57: 38 | E57: 1 | F57: 17 | G57: 56 | H57: =SUM(B57:G57) -> 133 | J57: 46174 | L57: 0 | M57: 0 | N57: 0 | O57: 0 | P57: 0 | Q57: 0 | R57: =SUM(L57:Q57) -> 0
A58: 46204 | B58: 8 | C58: 11 | D58: 42 | E58: 2 | F58: 29 | G58: 65 | H58: =SUM(B58:G58) -> 157 | J58: 46204 | L58: 0 | M58: 0 | N58: 0 | O58: 0 | P58: 0 | Q58: 0 | R58: =SUM(L58:Q58) -> 0
A59: 46235 | B59: 13 | C59: 13 | D59: 37 | E59: 0 | F59: 18 | G59: 72 | H59: =SUM(B59:G59) -> 153 | J59: 46235 | L59: 0 | M59: 0 | N59: 0 | O59: 0 | P59: 0 | Q59: 0 | R59: =SUM(L59:Q59) -> 0
A60: 46266 | B60: 12 | C60: 9 | D60: 50 | E60: 1 | F60: 24 | G60: 69 | H60: =SUM(B60:G60) -> 165 | J60: 46266 | L60: 0 | M60: 0 | N60: 0 | O60: 0 | P60: 0 | Q60: 0 | R60: =SUM(L60:Q60) -> 0
A61: 46296 | H61: =SUM(B61:G61) -> 0 | J61: 46296 | R61: =SUM(L61:Q61) -> 0
A62: 46327 | H62: =SUM(B62:G62) -> 0 | J62: 46327 | R62: =SUM(L62:Q62) -> 0
A63: 46357 | H63: =SUM(B63:G63) -> 0 | J63: 46357 | R63: =SUM(L63:Q63) -> 0
A64: Total deferidas | B64: =SUM(B52:B63) -> 68 | C64: =SUM(C52:C63) -> 102 | D64: =SUM(D52:D63) -> 361 | E64: =SUM(E52:E63) -> 9 | F64: =SUM(F52:F63) -> 181 | G64: =SUM(G52:G63) -> 419 | H64: =SUM(H52:H63) -> 1140 | J64: Total deferidas | L64: =SUM(L52:L63) -> 0 | M64: =SUM(M52:M63) -> 0 | N64: =SUM(N52:N63) -> 0 | O64: =SUM(O52:O63) -> 0 | P64: =SUM(P52:P63) -> 0 | Q64: =SUM(Q52:Q63) -> 0 | R64: =SUM(R52:R63) -> 0
A66: Total Geral | B66: =B49+B64 -> 345 | C66: =C49+C64 -> 168 | D66: =D49+D64 -> 1550 | E66: =E49+E64 -> 103 | F66: =F49+F64 -> 675 | G66: =G49+G64 -> 1065 | H66: =H49+H64 -> 3906 | J66: Total Geral | L66: =L49+L64 -> 0 | M66: =M49+M64 -> 0 | N66: =N49+N64 -> 0 | O66: =O49+O64 -> 0 | P66: =P49+P64 -> 0 | Q66: =Q49+Q64 -> 0 | R66: =R49+R64 -> 0
A68: **Os números de denúncia sobre assédio sexual refletem os registros diretos perante a OGM e os processos de apuração preliminar ou sindicância concluídos em PGM/PROCED no decorrer do ano de 2024. Esse procedimento foi adotado para o fortalecimento da política de prevenção e combate aos assédios por meio de subsídio de relatórios e, por consequência, políticas públicas de enfrentamento à temática.
A70: *** Em março de 2026, foi incluida a tabela com informações sobre o tipo de denuncia relativo ao BRT Aricanduva

Sheet Denúncia_Unidades_Mensal_2026
A1: Controladoria Geral do Município - Ouvidoria Geral
A2: SIGRC - Sistema Integrado de Gerenciamento e Relacionamento com o Cidadão
A3: Unidades PMSP - SETEMBRO 2026 | B3: Recebidas | C3: Não Recebidas | D3: TOTAL | G3: Unidades PMSP - SETEMBRO 2026 | H3: Recebidas | I3: Não Recebidas | J3: TOTAL
A4: Agência Reguladora de Serviços Públicos do Município | B4: 1 | C4: 5 | D4: =SUM(B4:C4) -> 6 | G4: Agência São Paulo de Desenvolvimento | H4: 0 | I4: 0 | J4: 0
A5: Agência São Paulo de Desenvolvimento | B5: 0 | C5: 0 | D5: =SUM(B5:C5) -> 0 | G5: AHMSP Autarquia Hospitalar Municipal | H5: 0 | I5: 0 | J5: 0
A6: AHMSP Autarquia Hospitalar Municipal | B6: 0 | C6: 0 | D6: =SUM(B6:C6) -> 0 | G6: Casa Civil | H6: 0 | I6: 0 | J6: 0
A7: Casa Civil | B7: 0 | C7: 0 | D7: =SUM(B7:C7) -> 0 | G7: Companhia Metropolitana de Habitação | H7: 0 | I7: 0 | J7: 0
A8: Companhia de Engenharia de Tráfego | B8: 2 | C8: 4 | D8: =SUM(B8:C8) -> 6 | G8: Controladoria Geral do Município | H8: 0 | I8: 0 | J8: 0
A9: Companhia Metropolitana de Habitação | B9: 0 | C9: 0 | D9: =SUM(B9:C9) -> 0 | G9: Empresa de Cinema e Audiovisual de São Paulo | H9: 0 | I9: 0 | J9: 0
A10: Controladoria Geral do Município | B10: 0 | C10: 0 | D10: =SUM(B10:C10) -> 0 | G10: Empresa de Tecnologia da Informação e Comunicação do Município de São Paulo | H10: 0 | I10: 0 | J10: 0
A11: Coordenadoria de Limpeza Urbana** | B11: 0 | C11: 3 | D11: =SUM(B11:C11) -> 3 | G11: Fundação Paulistana de Educação, Tecnologia e Cultura | H11: 0 | I11: 0 | J11: 0
A12: Empresa de Cinema e Audiovisual de São Paulo | B12: 0 | C12: 0 | D12: =SUM(B12:C12) -> 0 | G12: Instituto de Previdência Municipal | H12: 0 | I12: 0 | J12: 0
A13: Empresa de Tecnologia da Informação e Comunicação do Município de São Paulo | B13: 0 | C13: 0 | D13: =SUM(B13:C13) -> 0 | G13: São Paulo Obras | H13: 0 | I13: 0 | J13: 0
A14: Fora da competência da municipalidade | B14: 0 | C14: 17 | D14: =SUM(B14:C14) -> 17 | G14: São Paulo Urbanismo | H14: 0 | I14: 0 | J14: 0
A15: FTMSP Fundação Theatro Municipal de São Paulo | B15: 1 | C15: 0 | D15: =SUM(B15:C15) -> 1 | G15: Secretaria de Relações Institucionais | H15: 0 | I15: 0 | J15: 0
... A81: Subprefeitura Vila Prudente | B81: 1 | C81: 0 | D81: =SUM(B81:C81) -> 1 | G81: Secretaria Municipal da Saúde | H81: 53 | I81: 72 | J81: 125
A82: Canceladas | B82: 0 | C82: 0 | D82: 0 | G82: Secretaria Municipal de Educação | H82: 61 | I82: 80 | J82: 141
A83: Total | B83: =SUM(B4:B82) -> 165 | C83: =SUM(C4:C82) -> 337 | D83: =SUM(D4:D82) -> 502
A84: DEFERIDAS | B84: INDEFERIDAS | C84: CANCELADAS | D84: TOTAL
A85: =B83 -> 165 | B85: =C83 -> 337 | C85: =D82 -> 0 | D85: =D83 -> 502 | H85: Rótulos de Linha | I85: Contagem de Protocolo da Solicitação
A86: * Considera-se o campo “não identificado” todos os registros que não especificam o órgão denunciado, que não complementam essa informação, ou ainda que a narrativa não permita rastrear o órgão denunciado. | H86: Duplicidade de protocolo | I86: 14
H87: Falta de informação | I87: 303
H88: Fora da competência da Ouvidoria | I88: 18
H89: Perda de objeto | I89: 2
I90: =SUM(I86:I89) -> 337
A91: **A partir de maio de 2026, as demandas anteriormente classificadas sob a responsabilidade da Secretaria Municipal de Limpeza Urbana passaram a ser atribuídas à Coordenadoria de Limpeza Urbana

Sheet Denúncia_Unidades_Total_2026
A1: Controladoria Geral do Município - Ouvidoria Geral
A2: SIGRC - Sistema Integrado de Gerenciamento e Relacionamento com o Cidadão
A3: Unidades PMSP | B3: Janeiro | C3: Fevereiro | D3: Março | E3: Abril | F3: Maio | G3: Junho | H3: Julho | I3: Agosto | J3: Setembro | K3: Outubro | L3: Novembro | M3: Dezembro | N3: Total | O3: Recebidas | P3: Não Recebidas
A4: Agência Reguladora de Serviços Públicos do Município | B4: 10 | C4: 4 | D4: 4 | E4: 4 | F4: 7 | G4: 5 | H4: 9 | I4: 10 | J4: 6 | N4: =SUM(B4:M4) -> 59 | O4: 13 | P4: 46 | Q4: =N4-O4-P4 -> 0
A5: Agência São Paulo de Desenvolvimento | B5: 0 | C5: 0 | D5: 0 | E5: 0 | F5: 0 | G5: 2 | H5: 2 | I5: 0 | J5: 0 | N5: =SUM(B5:M5) -> 4 | O5: 2 | P5: 2 | Q5: =N5-O5-P5 -> 0
A6: AHMSP Autarquia Hospitalar Municipal | B6: 0 | C6: 0 | D6: 0 | E6: 0 | F6: 0 | G6: 0 | H6: 0 | I6: 0 | J6: 0 | N6: =SUM(B6:M6) -> 0 | O6: 0 | P6: 0 | Q6: =N6-O6-P6 -> 0
A7: Casa Civil | B7: 0 | C7: 0 | D7: 0 | E7: 0 | F7: 0 | G7: 0 | H7: 0 | I7: 0 | J7: 0 | N7: =SUM(B7:M7) -> 0 | O7: 0 | P7: 0 | Q7: =N7-O7-P7 -> 0
A8: Companhia de Engenharia de Tráfego | B8: 3 | C8: 0 | D8: 2 | E8: 1 | F8: 3 | G8: 5 | H8: 6 | I8: 2 | J8: 6 | N8: =SUM(B8:M8) -> 28 | O8: 9 | P8: 19 | Q8: =N8-O8-P8 -> 0
A9: Companhia Metropolitana de Habitação | B9: 0 | C9: 0 | D9: 0 | E9: 0 | F9: 1 | G9: 2 | H9: 0 | I9: 0 | J9: 0 | N9: =SUM(B9:M9) -> 3 | O9: 0 | P9: 3 | Q9: =N9-O9-P9 -> 0
A10: Controladoria Geral do Município | B10: 3 | C10: 0 | D10: 1 | E10: 1 | F10: 0 | G10: 0 | H10: 0 | I10: 0 | J10: 0 | N10: =SUM(B10:M10) -> 5 | O10: 5 | P10: 0 | Q10: =N10-O10-P10 -> 0
A11: Coordenadoria de Limpeza Urbana** | B11: 4 | C11: 4 | D11: 2 | E11: 5 | F11: 4 | G11: 2 | H11: 0 | I11: 0 | J11: 3 | N11: =SUM(B11:M11) -> 24 | O11: 1 | P11: 23 | Q11: =N11-O11-P11 -> 0
A12: Empresa de Cinema e Audiovisual de São Paulo | B12: 0 | C12: 1 | D12: 0 | E12: 0 | F12: 0 | G12: 0 | H12: 1 | I12: 0 | J12: 0 | N12: =SUM(B12:M12) -> 2 | O12: 1 | P12: 1 | Q12: =N12-O12-P12 -> 0
A13: Empresa de Tecnologia da Informação e Comunicação do Município de São Paulo | B13: 0 | C13: 0 | D13: 0 | E13: 0 | F13: 2 | G13: 0 | H13: 0 | I13: 0 | J13: 0 | N13: =SUM(B13:M13) -> 2 | O13: 2 | P13: 0 | Q13: =N13-O13-P13 -> 0
A14: Fora da competência da municipalidade | B14: 11 | C14: 18 | D14: 21 | E14: 17 | F14: 25 | G14: 15 | H14: 9 | I14: 22 | J14: 17 | N14: =SUM(B14:M14) -> 155 | O14: 0 | P14: 155 | Q14: =N14-O14-P14 -> 0
A15: FTMSP Fundação Theatro Municipal de São Paulo | B15: 0 | C15: 0 | D15: 0 | E15: 0 | F15: 0 | G15: 3 | H15: 1 | I15: 0 | J15: 1 | N15: =SUM(B15:M15) -> 5 | O15: 3 | P15: 2 | Q15: =N15-O15-P15 -> 0
... A81: Subprefeitura Vila Prudente | B81: 0 | C81: 0 | D81: 0 | E81: 1 | F81: 0 | G81: 1 | H81: 0 | I81: 1 | J81: 1 | N81: =SUM(B81:M81) -> 4 | O81: 3 | P81: 1 | Q81: =N81-O81-P81 -> 0
A82: Canceladas | B82: 3 | C82: 11 | D82: 10 | E82: 1 | F82: 1 | G82: 0 | H82: 0 | I82: 0 | J82: 0 | N82: =SUM(B82:M82) -> 26
A83: TOTAL | B83: =SUM(B4:B82) -> 402 | C83: =SUM(C4:C82) -> 351 | D83: =SUM(D4:D82) -> 426 | E83: =SUM(E4:E82) -> 398 | F83: =SUM(F4:F82) -> 508 | G83: =SUM(G4:G82) -> 440 | H83: =SUM(H4:H82) -> 450 | I83: =SUM(I4:I82) -> 455 | ... P83: =SUM(P4:P82) -> 2766
A85: * Considera-se o campo “não identificado” todos os registros que não especificam o órgão denunciado, que não complementam essa informação, ou ainda que a narrativa não permita rastrear o órgão denunciado.
A90: **A partir de maio de 2026, as demandas anteriormente classificadas sob a responsabilidade da Secretaria Municipal de Limpeza Urbana passaram a ser atribuídas à Coordenadoria de Limpeza Urbana

Sheet Denúncia_Órgãos_Recebidas
A1: Controladoria Geral do Município - Ouvidoria Geral
A2: SIGRC - Sistema Integrado de Gerenciamento e Relacionamento com o Cidadão
A3: Unidades PMSP | B3: Janeiro | C3: Fevereiro | D3: Março | E3: Abril | F3: Maio | G3: Junho | H3: Julho | I3: Agosto | J3: Setembro | K3: Outubro | L3: Novembro | M3: Dezembro | N3: Total
A4: Agência Reguladora de Serviços Públicos do Município | B4: 1 | C4: 1 | D4: 1 | E4: 1 | F4: 0 | G4: 2 | H4: 2 | I4: 4 | J4: 1 | N4: =SUM(B4:M4) -> 13
A5: Agência São Paulo de Desenvolvimento | B5: 0 | C5: 0 | D5: 0 | E5: 0 | F5: 0 | G5: 0 | H5: 2 | I5: 0 | J5: 0 | N5: =SUM(B5:M5) -> 2
A6: AHMSP Autarquia Hospitalar Municipal | B6: 0 | C6: 0 | D6: 0 | E6: 0 | F6: 0 | G6: 0 | H6: 0 | I6: 0 | J6: 0 | N6: =SUM(B6:M6) -> 0
A7: Casa Civil | B7: 0 | C7: 0 | D7: 0 | E7: 0 | F7: 0 | G7: 0 | H7: 0 | I7: 0 | J7: 0 | N7: =SUM(B7:M7) -> 0
A8: Companhia de Engenharia de Tráfego | B8: 2 | C8: 0 | D8: 0 | E8: 1 | F8: 1 | G8: 0 | H8: 2 | I8: 1 | J8: 2 | N8: =SUM(B8:M8) -> 9
A9: Companhia Metropolitana de Habitação | B9: 0 | C9: 0 | D9: 0 | E9: 0 | F9: 0 | G9: 0 | H9: 0 | I9: 0 | J9: 0 | N9: =SUM(B9:M9) -> 0
A10: Controladoria Geral do Município | B10: 3 | C10: 0 | D10: 1 | E10: 1 | F10: 0 | G10: 0 | H10: 0 | I10: 0 | J10: 0 | N10: =SUM(B10:M10) -> 5
A11: Coordenadoria de Limpeza Urbana** | B11: 0 | C11: 0 | D11: 0 | E11: 0 | F11: 0 | G11: 1 | H11: 0 | I11: 0 | J11: 0 | N11: =SUM(B11:M11) -> 1
A12: Empresa de Cinema e Audiovisual de São Paulo | B12: 0 | C12: 0 | D12: 0 | E12: 0 | F12: 0 | G12: 0 | H12: 1 | I12: 0 | J12: 0 | N12: =SUM(B12:M12) -> 1
A13: Empresa de Tecnologia da Informação e Comunicação do Município de São Paulo | B13: 0 | C13: 0 | D13: 0 | E13: 0 | F13: 2 | G13: 0 | H13: 0 | I13: 0 | J13: 0 | N13: =SUM(B13:M13) -> 2
A14: Fora da competência da municipalidade | B14: 0 | C14: 0 | D14: 0 | E14: 0 | F14: 0 | G14: 0 | H14: 0 | I14: 0 | J14: 0 | N14: =SUM(B14:M14) -> 0
A15: FTMSP Fundação Theatro Municipal de São Paulo | B15: 0 | C15: 0 | D15: 0 | E15: 0 | F15: 0 | G15: 1 | H15: 1 | I15: 0 | J15: 1 | N15: =SUM(B15:M15) -> 3
... A81: Subprefeitura Vila Prudente | B81: 0 | C81: 0 | D81: 0 | E81: 0 | F81: 0 | G81: 1 | H81: 0 | I81: 1 | J81: 1 | N81: =SUM(B81:M81) -> 3
A82: TOTAL | B82: =SUM(B4:B81) -> 109 | C82: =SUM(C4:C81) -> 93 | D82: =SUM(D4:D81) -> 88 | E82: =SUM(E4:E81) -> 104 | F82: =SUM(F4:F81) -> 138 | G82: =SUM(G4:G81) -> 133 | H82: =SUM(H4:H81) -> 157 | I82: =SUM(I4:I81) -> 153 | J82: =SUM(J4:J81) -> 165 | K82: =SUM(K4:K80) -> 0 | L82: =SUM(L4:L80) -> 0 | M82: =SUM(M4:M80) -> 0 | N82: =SUM(N4:N81) -> 1140
A84: * Considera-se o campo “não identificado” todos os registros que não especificam o órgão denunciado, que não complementam essa informação, ou ainda que a narrativa não permita rastrear o órgão denunciado.
A89: **A partir de maio de 2026, as demandas anteriormente classificadas sob a responsabilidade da Secretaria Municipal de Limpeza Urbana passaram a ser atribuídas à Coordenadoria de Limpeza Urbana

Sheet Denúncia_Órgãos_Não Recebidas
A1: Controladoria Geral do Município - Ouvidoria Geral
A2: SIGRC - Sistema Integrado de Gerenciamento e Relacionamento com o Cidadão
A3: Unidades PMSP | B3: Janeiro | C3: Fevereiro | D3: Março | E3: Abril | F3: Maio | G3: Junho | H3: Julho | I3: Agosto | J3: Setembro | K3: Outubro | L3: Novembro | M3: Dezembro | N3: Total
A4: Agência Reguladora de Serviços Públicos do Município | B4: 9 | C4: 3 | D4: 3 | E4: 3 | F4: 7 | G4: 3 | H4: 7 | I4: 6 | J4: 5 | N4: =SUM(B4:M4) -> 46
A5: Agência São Paulo de Desenvolvimento | B5: 0 | C5: 0 | D5: 0 | E5: 0 | F5: 0 | G5: 2 | H5: 0 | I5: 0 | J5: 0 | N5: =SUM(B5:M5) -> 2
A6: AHMSP Autarquia Hospitalar Municipal | B6: 0 | C6: 0 | D6: 0 | E6: 0 | F6: 0 | G6: 0 | H6: 0 | I6: 0 | J6: 0 | N6: =SUM(B6:M6) -> 0
A7: Casa Civil | B7: 0 | C7: 0 | D7: 0 | E7: 0 | F7: 0 | G7: 0 | H7: 0 | I7: 0 | J7: 0 | N7: =SUM(B7:M7) -> 0
A8: Companhia de Engenharia de Tráfego | B8: 1 | C8: 0 | D8: 2 | E8: 0 | F8: 2 | G8: 5 | H8: 4 | I8: 1 | J8: 4 | N8: =SUM(B8:M8) -> 19
A9: Companhia Metropolitana de Habitação | B9: 0 | C9: 0 | D9: 0 | E9: 0 | F9: 1 | G9: 2 | H9: 0 | I9: 0 | J9: 0 | N9: =SUM(B9:M9) -> 3
A10: Controladoria Geral do Município | B10: 0 | C10: 0 | D10: 0 | E10: 0 | F10: 0 | G10: 0 | H10: 0 | I10: 0 | J10: 0 | N10: =SUM(B10:M10) -> 0
A11: Coordenadoria de Limpeza Urbana** | B11: 4 | C11: 4 | D11: 2 | E11: 5 | F11: 4 | G11: 1 | H11: 0 | I11: 0 | J11: 3 | N11: =SUM(B11:M11) -> 23
A12: Empresa de Cinema e Audiovisual de São Paulo | B12: 0 | C12: 1 | D12: 0 | E12: 0 | F12: 0 | G12: 0 | H12: 0 | I12: 0 | J12: 0 | N12: =SUM(B12:M12) -> 1
A13: Empresa de Tecnologia da Informação e Comunicação do Município de São Paulo | B13: 0 | C13: 0 | D13: 0 | E13: 0 | F13: 0 | G13: 0 | H13: 0 | I13: 0 | J13: 0 | N13: =SUM(B13:M13) -> 0
A14: Fora da competência da municipalidade | B14: 11 | C14: 18 | D14: 21 | E14: 17 | F14: 25 | G14: 15 | H14: 9 | I14: 22 | J14: 17 | N14: =SUM(B14:M14) -> 155
A15: FTMSP Fundação Theatro Municipal de São Paulo | B15: 0 | C15: 0 | D15: 0 | E15: 0 | F15: 0 | G15: 2 | H15: 0 | I15: 0 | J15: 0 | N15: =SUM(B15:M15) -> 2
... A81: Subprefeitura Vila Prudente | B81: 0 | C81: 0 | D81: 0 | E81: 1 | F81: 0 | G81: 0 | H81: 0 | I81: 0 | J81: 0 | N81: =SUM(B81:M81) -> 1
A82: TOTAL | B82: =SUM(B4:B81) -> 290 | C82: =SUM(C4:C81) -> 247 | D82: =SUM(D4:D81) -> 328 | E82: =SUM(E4:E81) -> 293 | F82: =SUM(F4:F80) -> 369 | G82: =SUM(G4:G80) -> 307 | H82: =SUM(H4:H80) -> 293 | I82: =SUM(I4:I80) -> 302 | J82: =SUM(J4:J81) -> 337 | K82: =SUM(K4:K80) -> 0 | L82: =SUM(L4:L80) -> 0 | M82: =SUM(M4:M80) -> 0 | N82: =SUM(N4:N81) -> 2766
A84: * Considera-se o campo “não identificado” todos os registros que não especificam o órgão denunciado, que não complementam essa informação, ou ainda que a narrativa não permita rastrear o órgão denunciado.
A89: **A partir de maio de 2026, as demandas anteriormente classificadas sob a responsabilidade da Secretaria Municipal de Limpeza Urbana passaram a ser atribuídas à Coordenadoria de Limpeza Urbana

Sheet e-SIC_2026
A1: Controladoria Geral do Município - Ouvidoria Geral
A2: SIGRC - Sistema Integrado de Gerenciamento e Relacionamento com o Cidadão | AI2: Decisões iniciais
AI3: Decisões 1ª instância
A4: Pedidos e-SIC | AI4: Decisões 2ª instância
A5: Meses | B5: Protocolos | C5: Variação* | AI5: Recurso de Ofício (RO)
A6: 46023 | B6: =M102 -> 959 | C6: =((B6-612)/612)*100 -> 56.699346 | AI6: Decisões 3ª instância
A7: 46054 | B7: =L102 -> 830 | C7: =((B7-B6)/B6)*100 -> -13.451512
A8: 46082 | B8: =K102 -> 964 | C8: =((B8-B7)/B7)*100 -> 16.144578
A9: 46113 | B9: =J102 -> 916 | C9: =((B9-B8)/B8)*100 -> -4.9792531
A10: 46143 | B10: =I102 -> 1205 | C10: =((B10-B9)/B9)*100 -> 31.550218
A11: 46174 | B11: =H102 -> 883 | C11: =((B11-B10)/B10)*100 -> -26.721992
A12: 46204 | B12: =G102 -> 1099 | C12: =((B12-B11)/B11)*100 -> 24.462061
A13: 46235 | B13: =F102 -> 1181 | C13: =((B13-B12)/B12)*100 -> 7.4613285
A14: 46266 | B14: =E102 -> 1312 | C14: =((B14-B13)/B13)*100 -> 11.092295
A15: 46296
A16: 46327
A17: 46357
A18: Total | B18: =SUM(B6:B17) -> 9349
A19: Média | B19: =AVERAGE(B6:B17) -> 1038.7778
A21: Órgão | B21: 46357 | C21: 46327 | D21: 46296 | E21: 46266 | F21: 46235 | G21: 46204 | H21: 46174 | I21: 46143 | J21: 46113 | K21: 46082 | L21: 46054 | M21: 46023 | N21: Total | O21: Média | P21: %Total | S21: SITUAÇÃO | AH21: 12 | AJ21: 11 | AK21: 7 | AL21: 2 | AM21: 10 | AN21: 7
A22: ADE SAMPA - Agência São Paulo de Desenvolvimento | E22: 1 | F22: 1 | G22: 3 | H22: 2 | I22: 1 | J22: 2 | K22: 3 | L22: 3 | M22: 3 | N22: =SUM(B22:M22) -> 19 | O22: =AVERAGE(B22:M22) -> 2.1111111 | P22: =(N22/N102)*100 -> 0.20323029 | T22: 46357 | U22: 46327 | V22: 46296 | W22: 46266 | X22: 46235 | Y22: 46204 | Z22: 46174 | AA22: 46143 | AB22: 46113 | AC22: 46082 | AD22: 46054 | AE22: 46023 | AF22: Total | AG22: Média | AH22: 84 | AJ22: 90 | AK22: 117 | AL22: 58 | AM22: 49 | AN22: 22
A23: AMLURB - Autoridade Municipal de Limpeza Urbana | E23: 0 | F23: 0 | G23: 0 | H23: 0 | I23: 0 | J23: 0 | K23: 0 | L23: 0 | M23: 0 | N23: =SUM(B23:M23) -> 0 | O23: =AVERAGE(B23:M23) -> 0 | P23: =(N23/N102)*100 -> 0 | S23: Pedidos registrados
A24: Casa Civil | E24: 7 | F24: 11 | G24: 2 | H24: 4 | I24: 3 | J24: 10 | K24: 5 | L24: 1 | M24: 7 | N24: =SUM(B24:M24) -> 50 | O24: =AVERAGE(B24:M24) -> 5.5555556 | P24: =(N24/$N$102)*100 -> 0.53481656 | S24: Total | W24: 1312 | X24: 1181 | Y24: 1099 | Z24: 883 | AA24: 1205 | AB24: 916 | AC24: 964 | AD24: 830 | AE24: 959 | AF24: =SUM(T24:AE24) -> 9349 | AG24: =AVERAGE(T24:AE24) -> 1038.7778
A25: CET - Companhia de Engenharia de Tráfego | E25: 143 | F25: 128 | G25: 114 | H25: 78 | I25: 86 | J25: 97 | K25: 95 | L25: 88 | M25: 107 | N25: =SUM(B25:M25) -> 936 | O25: =AVERAGE(B25:M25) -> 104 | P25: =(N25/$N$102)*100 -> 10.011766 | AD25: ,
A26: CGM - Controladoria Geral do Município | E26: 11 | F26: 13 | G26: 10 | H26: 13 | I26: 7 | J26: 14 | K26: 10 | L26: 10 | M26: 8 | N26: =SUM(B26:M26) -> 96 | O26: =AVERAGE(B26:M26) -> 10.666667 | P26: =(N26/$N$102)*100 -> 1.0268478 | S26: Decisões iniciais
A27: COHAB - Companhia Metropolitana de Habitação | E27: 37 | F27: 35 | G27: 16 | H27: 11 | I27: 15 | J27: 26 | K27: 24 | L27: 14 | M27: 9 | N27: =SUM(B27:M27) -> 187 | O27: =AVERAGE(B27:M27) -> 20.777778 | P27: =(N27/$N$102)*100 -> 2.0002139 | S27: Total (decisões iniciais) | T27: =SUM(T28:T29) -> 0 | U27: =SUM(U28:U29) -> 0 | V27: =SUM(V28:V29) -> 0 | W27: =SUM(W28:W29) -> 1243 | X27: =SUM(X28:X29) -> 985 | Y27: =SUM(Y28:Y29) -> 937 | Z27: =SUM(Z28:Z29) -> 1214 | AA27: =SUM(AA28:AA29) -> 816 | ... AE27: =SUM(AE28:AE29) -> 798 | AF27: =SUM(T27:AE27) -> 8478 | AG27: =SUM(AG28:AG29) -> 942
A28: FPETC - Fundação Paulistana de Educação, Tecnologia e Cultura | E28: 2 | F28: 1 | G28: 2 | H28: 3 | I28: 0 | J28: 0 | K28: 1 | L28: 2 | M28: 0 | N28: =SUM(B28:M28) -> 11 | O28: =AVERAGE(B28:M28) -> 1.2222222 | P28: =(N28/$N$102)*100 -> 0.11765964 | S28: Atendidos | W28: 986 | X28: 749 | Y28: 742 | Z28: 724 | AA28: 638 | AB28: 567 | AC28: 643 | AD28: 636 | AE28: 633 | AF28: =SUM(T28:AE28) -> 6318 | AG28: =AVERAGE(T28:AE28) -> 702
A29: FTMSP - Fundação Theatro Municipal de São Paulo | E29: 1 | F29: 1 | G29: 1 | H29: 1 | I29: 2 | J29: 3 | K29: 1 | L29: 0 | M29: 3 | N29: =SUM(B29:M29) -> 13 | O29: =AVERAGE(B29:M29) -> 1.4444444 | P29: =(N29/$N$102)*100 -> 0.13905231 | S29: Indeferidos | W29: 257 | X29: 236 | Y29: 195 | Z29: 490 | AA29: 178 | AB29: 174 | AC29: 221 | AD29: 244 | AE29: 165 | AF29: =SUM(T29:AE29) -> 2160 | AG29: =AVERAGE(T29:AE29) -> 240
A30: HSPM - Hospital do Servidor Público Municipal | E30: 6 | F30: 2 | G30: 2 | H30: 1 | I30: 2 | J30: 2 | K30: 1 | L30: 0 | M30: 3 | N30: =SUM(B30:M30) -> 19 | O30: =AVERAGE(B30:M30) -> 2.1111111 | P30: =(N30/$N$102)*100 -> 0.20323029
A31: IPREM - Instituto de Previdência Municipal de São Paulo | E31: 5 | F31: 4 | G31: 3 | H31: 3 | I31: 5 | J31: 1 | K31: 4 | L31: 2 | M31: 5 | N31: =SUM(B31:M31) -> 32 | O31: =AVERAGE(B31:M31) -> 3.5555556 | P31: =(N31/$N$102)*100 -> 0.3422826 | S31: 1ª instância
A32: PGM - Procuradoria Geral do Município | E32: 16 | F32: 15 | G32: 21 | H32: 15 | I32: 6 | J32: 7 | K32: 21 | L32: 13 | M32: 15 | N32: =SUM(B32:M32) -> 129 | O32: =AVERAGE(B32:M32) -> 14.333333 | P32: =(N32/$N$102)*100 -> 1.3798267 | S32: Solicitações | W32: 194 | X32: 127 | Y32: 167 | Z32: 119 | AA32: 137 | AB32: 116 | AC32: 122 | AD32: 168 | AE32: 83 | AF32: =SUM(T32:AE32) -> 1233 | AG32: =AVERAGE(T32:AE32) -> 137
A33: PRODAM - Empresa de Tecnologia da Informação e Comunicação do Munic.SP | E33: 5 | F33: 8 | G33: 2 | H33: 2 | I33: 4 | J33: 1 | K33: 2 | L33: 2 | M33: 0 | N33: =SUM(B33:M33) -> 26 | O33: =AVERAGE(B33:M33) -> 2.8888889 | P33: =(N33/$N$102)*100 -> 0.27810461 | S33: Total (decisões 1ª instância) | T33: =SUM(T34:T35) -> 0 | U33: =SUM(U34:U35) -> 0 | V33: =SUM(V34:V35) -> 0 | W33: =SUM(W34:W35) -> 143 | X33: =SUM(X34:X35) -> 102 | Y33: =SUM(Y34:Y35) -> 126 | Z33: =SUM(Z34:Z35) -> 99 | AA33: =SUM(AA34:AA35) -> 109 | ... AE33: =SUM(AE34:AE35) -> 65 | AF33: =SUM(T33:AE33) -> 986 | AG33: =SUM(AG34:AG35) -> 109.55556
A34: SPTrans - São Paulo Transporte S/A | E34: 65 | F34: 60 | G34: 37 | H34: 45 | I34: 114 | J34: 42 | K34: 46 | L34: 27 | M34: 30 | N34: =SUM(B34:M34) -> 466 | O34: =AVERAGE(B34:M34) -> 51.777778 | P34: =(N34/$N$102)*100 -> 4.9844903 | S34: Deferidos | W34: 75 | X34: 61 | Y34: 68 | Z34: 59 | AA34: 75 | AB34: 60 | AC34: 63 | AD34: 66 | AE34: 46 | AF34: =SUM(T34:AE34) -> 573 | AG34: =AVERAGE(T34:AE34) -> 63.666667
A35: SECOM - Secretaria Especial de Comunicação | E35: 6 | F35: 1 | G35: 0 | H35: 0 | I35: 6 | J35: 4 | K35: 2 | L35: 2 | M35: 5 | N35: =SUM(B35:M35) -> 26 | O35: =AVERAGE(B35:M35) -> 2.8888889 | P35: =(N35/$N$102)*100 -> 0.27810461 | S35: Indeferidos | W35: 68 | X35: 41 | Y35: 58 | Z35: 40 | AA35: 34 | AB35: 32 | AC35: 42 | AD35: 79 | AE35: 19 | AF35: =SUM(T35:AE35) -> 413 | AG35: =AVERAGE(T35:AE35) -> 45.888889
A36: SEGES - Secretaria Municipal de Gestão | E36: 16 | F36: 30 | G36: 33 | H36: 18 | I36: 22 | J36: 19 | K36: 22 | L36: 17 | M36: 20 | N36: =SUM(B36:M36) -> 197 | O36: =AVERAGE(B36:M36) -> 21.888889 | P36: =(N36/$N$102)*100 -> 2.1071772
A37: SEHAB - Secretaria Municipal de Habitação | E37: 42 | F37: 42 | G37: 36 | H37: 22 | I37: 24 | J37: 29 | K37: 30 | L37: 24 | M37: 27 | N37: =SUM(B37:M37) -> 276 | O37: =AVERAGE(B37:M37) -> 30.666667 | P37: =(N37/$N$102)*100 -> 2.9521874 | S37: 2ª instância
A38: SEME - Secretaria Municipal de Esportes e Lazer | E38: 41 | F38: 19 | G38: 15 | H38: 19 | I38: 30 | J38: 53 | K38: 12 | L38: 13 | M38: 13 | N38: =SUM(B38:M38) -> 215 | O38: =AVERAGE(B38:M38) -> 23.888889 | P38: =(N38/$N$102)*100 -> 2.2997112 | S38: Solicitações | W38: 141 | X38: 101 | Y38: 117 | Z38: 121 | AA38: 100 | AB38: 69 | AC38: 91 | AD38: 75 | AE38: 71 | AF38: =SUM(T38:AE38) -> 886 | AG38: =AVERAGE(T38:AE38) -> 98.444444
A39: SEPLAN - Secretaria Municipal de Planejamento e Eficiência | E39: 7 | F39: 2 | G39: 4 | H39: 7 | I39: 8 | J39: 6 | K39: 12 | L39: 6 | M39: 33 | N39: =SUM(B39:M39) -> 85 | O39: =AVERAGE(B39:M39) -> 9.4444444 | P39: =(N39/$N$102)*100 -> 0.90918815 | S39: Total (decisões 2ª instância) | T39: =SUM(T40:T41) -> 0 | U39: =SUM(U40:U41) -> 0 | V39: =SUM(V40:V41) -> 0 | W39: =SUM(W40:W41) -> 78 | X39: =SUM(X40:X41) -> 81 | Y39: =SUM(Y40:Y41) -> 94 | Z39: =SUM(Z40:Z41) -> 98 | AA39: =SUM(AA40:AA41) -> 99 | ... AE39: =SUM(AE40:AE41) -> 71 | AF39: =SUM(T39:AE39) -> 729 | AG39: =SUM(AG40:AG41) -> 81
A40: SERI – Secretaria Executiva de Relações Institucionais | E40: 1 | F40: 0 | G40: 0 | H40: 0 | I40: 3 | J40: 0 | K40: 0 | L40: 2 | M40: 2 | N40: =SUM(B40:M40) -> 8 | O40: =AVERAGE(B40:M40) -> 0.88888889 | P40: =(N40/$N$102)*100 -> 0.085570649 | S40: Deferidos | W40: 35 | X40: 33 | Y40: 36 | Z40: 62 | AA40: 49 | AB40: 29 | AC40: 44 | AD40: 18 | AE40: 43 | AF40: =SUM(T40:AE40) -> 349 | AG40: =AVERAGE(T40:AE40) -> 38.777778
A41: SF - Secretaria Municipal da Fazenda | E41: 55 | F41: 63 | G41: 64 | H41: 46 | I41: 39 | J41: 41 | K41: 79 | L41: 58 | M41: 73 | N41: =SUM(B41:M41) -> 518 | O41: =AVERAGE(B41:M41) -> 57.555556 | P41: =(N41/$N$102)*100 -> 5.5406995 | S41: Indeferidos | W41: 43 | X41: 48 | Y41: 58 | Z41: 36 | AA41: 50 | AB41: 28 | AC41: 40 | AD41: 49 | AE41: 28 | AF41: =SUM(T41:AE41) -> 380 | AG41: =AVERAGE(T41:AE41) -> 42.222222
A42: SFMSP - Serviço Funerário | E42: 0 | F42: 0 | G42: 0 | H42: 0 | I42: 0 | J42: 0 | K42: 0 | L42: 0 | M42: 0 | N42: =SUM(B42:M42) -> 0 | O42: =AVERAGE(B42:M42) -> 0 | P42: =(N42/$N$102)*100 -> 0 | S42: Recurso de Ofício (RO) | W42: 94 | X42: 66 | Y42: 69 | Z42: 92 | AA42: 44 | AB42: 45 | AC42: 57 | AD42: 26 | AE42: 50 | AF42: =SUM(T42:AE42) -> 543 | AG42: =AVERAGE(T42:AE42) -> 60.333333
A43: SGM - Secretaria de Governo Municipal | E43: 12 | F43: 8 | G43: 5 | H43: 19 | I43: 2 | J43: 7 | K43: 9 | L43: 8 | M43: 12 | N43: =SUM(B43:M43) -> 82 | O43: =AVERAGE(B43:M43) -> 9.1111111 | P43: =(N43/$N$102)*100 -> 0.87709915
A44: SIURB - Secretaria Municipal de Infraestrutura Urbana e Obras | E44: 45 | F44: 35 | G44: 34 | H44: 28 | I44: 29 | J44: 50 | K44: 25 | L44: 36 | M44: 34 | N44: =SUM(B44:M44) -> 316 | O44: =AVERAGE(B44:M44) -> 35.111111 | P44: =(N44/$N$102)*100 -> 3.3800406 | S44: 3ª instância
A45: SMADS - Secretaria Municipal de Assistência e Desenvolvimento Social | E45: 47 | F45: 21 | G45: 38 | H45: 34 | I45: 15 | J45: 11 | K45: 27 | L45: 16 | M45: 34 | N45: =SUM(B45:M45) -> 243 | O45: =AVERAGE(B45:M45) -> 27 | P45: =(N45/$N$102)*100 -> 2.5992085 | S45: Solicitações | W45: 29 | X45: 41 | Y45: 42 | Z45: 33 | AA45: 41 | AB45: 20 | AC45: 30 | AD45: 17 | AE45: 25 | AF45: =SUM(T45:AE45) -> 278 | AG45: =AVERAGE(T45:AE45) -> 30.888889
A46: SMC - Secretaria Municipal de Cultura e Economia Criativa | E46: 32 | F46: 21 | G46: 47 | H46: 29 | I46: 31 | J46: 13 | K46: 36 | L46: 29 | M46: 10 | N46: =SUM(B46:M46) -> 248 | O46: =AVERAGE(B46:M46) -> 27.555556 | P46: =(N46/$N$102)*100 -> 2.6526901 | S46: Total (decisões 3ª instância) | T46: =SUM(T47:T48) -> 0 | U46: =SUM(U47:U48) -> 0 | V46: =SUM(V47:V48) -> 0 | W46: =SUM(W47:W48) -> 39 | X46: =SUM(X47:X48) -> 32 | Y46: =SUM(Y47:Y48) -> 30 | Z46: =SUM(Z47:Z48) -> 15 | AA46: =SUM(AA47:AA48) -> 30 | ... AE46: =SUM(AE47:AE48) -> 11 | AF46: =SUM(T46:AE46) -> 206 | AG46: =SUM(AG47:AG48) -> 22.888889
A47: SMDET - Secretaria Municipal de Desenvolvimento Econômico e Trabalho | E47: 16 | F47: 8 | G47: 4 | H47: 5 | I47: 13 | J47: 6 | K47: 16 | L47: 7 | M47: 10 | N47: =SUM(B47:M47) -> 85 | O47: =AVERAGE(B47:M47) -> 9.4444444 | P47: =(N47/$N$102)*100 -> 0.90918815 | S47: Deferidos | W47: 18 | X47: 12 | Y47: 13 | Z47: 6 | AA47: 17 | AB47: 15 | AC47: 5 | AD47: 6 | AE47: 4 | AF47: =SUM(T47:AE47) -> 96 | AG47: =AVERAGE(T47:AE47) -> 10.666667
A48: SMDHC - Secretaria Municipal de Direitos Humanos e Cidadania | E48: 50 | F48: 26 | G48: 20 | H48: 39 | I48: 58 | J48: 54 | K48: 14 | L48: 9 | M48: 4 | N48: =SUM(B48:M48) -> 274 | O48: =AVERAGE(B48:M48) -> 30.444444 | P48: =(N48/$N$102)*100 -> 2.9307947 | S48: Indeferidos | W48: 21 | X48: 20 | Y48: 17 | Z48: 9 | AA48: 13 | AB48: 10 | AC48: 10 | AD48: 3 | AE48: 7 | AF48: =SUM(T48:AE48) -> 110 | AG48: =AVERAGE(T48:AE48) -> 12.222222
A49: SME - Secretaria Municipal de Educação | E49: 59 | F49: 72 | G49: 46 | H49: 53 | I49: 82 | J49: 49 | K49: 70 | L49: 58 | M49: 59 | N49: =SUM(B49:M49) -> 548 | O49: =AVERAGE(B49:M49) -> 60.888889 | P49: =(N49/$N$102)*100 -> 5.8615895
A50: SMIT - Secretaria Municipal de Inovação e Tecnologia | E50: 8 | F50: 12 | G50: 5 | H50: 10 | I50: 7 | J50: 6 | K50: 8 | L50: 14 | M50: 8 | N50: =SUM(B50:M50) -> 78 | O50: =AVERAGE(B50:M50) -> 8.6666667 | P50: =(N50/$N$102)*100 -> 0.83431383
A51: SMJ - Secretaria Municipal de Justiça | E51: 0 | F51: 3 | G51: 1 | H51: 2 | I51: 1 | J51: 0 | K51: 1 | L51: 1 | M51: 3 | N51: =SUM(B51:M51) -> 12 | O51: =AVERAGE(B51:M51) -> 1.3333333 | P51: =(N51/$N$102)*100 -> 0.12835597
A52: SMPED - Secretaria Municipal da Pessoa com Deficiência | E52: 3 | F52: 4 | G52: 3 | H52: 3 | I52: 4 | J52: 2 | K52: 0 | L52: 7 | M52: 2 | N52: =SUM(B52:M52) -> 28 | O52: =AVERAGE(B52:M52) -> 3.1111111 | P52: =(N52/$N$102)*100 -> 0.29949727
A53: SMRI - Secretaria Municipal de Relações Internacionais | E53: 2 | F53: 0 | G53: 0 | H53: 1 | I53: 0 | J53: 0 | K53: 0 | L53: 0 | M53: 2 | N53: =SUM(B53:M53) -> 5 | O53: =AVERAGE(B53:M53) -> 0.55555556 | P53: =(N53/$N$102)*100 -> 0.053481656
A54: SMS - Secretaria Municipal da Saúde | E54: 214 | F54: 102 | G54: 118 | H54: 141 | I54: 126 | J54: 79 | K54: 85 | L54: 74 | M54: 151 | N54: =SUM(B54:M54) -> 1090 | O54: =AVERAGE(B54:M54) -> 121.11111 | P54: =(N54/$N$102)*100 -> 11.659001
A55: SMSU - Secretaria Municipal de Segurança Urbana | E55: 41 | F55: 39 | G55: 28 | H55: 21 | I55: 19 | J55: 20 | K55: 35 | L55: 20 | M55: 21 | N55: =SUM(B55:M55) -> 244 | O55: =AVERAGE(B55:M55) -> 27.111111 | P55: =(N55/$N$102)*100 -> 2.6099048
A56: SMSUB - Secretaria Municipal das Subprefeituras | E56: 29 | F56: 63 | G56: 48 | H56: 30 | I56: 31 | J56: 47 | K56: 43 | L56: 28 | M56: 40 | N56: =SUM(B56:M56) -> 359 | O56: =AVERAGE(B56:M56) -> 39.888889 | P56: =(N56/$N$102)*100 -> 3.8399829
A57: SMT - Secretaria Municipal de Mobilidade Urbana e Transporte | E57: 10 | F57: 20 | G57: 13 | H57: 8 | I57: 6 | J57: 12 | K57: 16 | L57: 12 | M57: 14 | N57: =SUM(B57:M57) -> 111 | O57: =AVERAGE(B57:M57) -> 12.333333 | P57: =(N57/$N$102)*100 -> 1.1872928
A58: SMTUR - Secretaria Municipal de Turismo | E58: 2 | F58: 2 | G58: 6 | H58: 1 | I58: 1 | J58: 6 | K58: 2 | L58: 2 | M58: 4 | N58: =SUM(B58:M58) -> 26 | O58: =AVERAGE(B58:M58) -> 2.8888889 | P58: =(N58/$N$102)*100 -> 0.27810461
A59: SMUL - Secretaria Municipal de Urbanismo e Licenciamento | E59: 52 | F59: 60 | G59: 55 | H59: 44 | I59: 30 | J59: 57 | K59: 42 | L59: 37 | M59: 42 | N59: =SUM(B59:M59) -> 419 | O59: =AVERAGE(B59:M59) -> 46.555556 | P59: =(N59/$N$102)*100 -> 4.4817628
A60: SP CINE - Empresa de Cinema e Audiovisual de São Paulo | E60: 3 | F60: 1 | G60: 2 | H60: 3 | I60: 5 | J60: 0 | K60: 1 | L60: 3 | M60: 3 | N60: =SUM(B60:M60) -> 21 | O60: =AVERAGE(B60:M60) -> 2.3333333 | P60: =(N60/$N$102)*100 -> 0.22462295
... A101: SVMA - Secretaria Municipal do Verde e do Meio Ambiente | E101: 40 | F101: 34 | G101: 32 | H101: 30 | I101: 17 | J101: 18 | K101: 22 | L101: 14 | M101: 21 | N101: =SUM(B101:M101) -> 228 | O101: =AVERAGE(B101:M101) -> 25.333333 | P101: =(N101/$N$102)*100 -> 2.4387635
A102: Total | E102: =SUM(E22:E101) -> 1312 | F102: =SUM(F22:F101) -> 1181 | G102: =SUM(G22:G101) -> 1099 | H102: =SUM(H22:H101) -> 883 | I102: =SUM(I22:I101) -> 1205 | J102: =SUM(J22:J101) -> 916 | K102: =SUM(K22:K101) -> 964 | L102: =SUM(L22:L101) -> 830 | ... N102: =SUM(N22:N101) -> 9349 | O102: =AVERAGE(B102:M102) -> 1038.7778 | P102: =SUM(P22:P101) -> 100
A104: *Variação percentual em relação ao mês imediatamente anterior.
A106: Órgão | B106: 46357 | C106: 46327 | D106: 46296 | E106: 46266 | F106: 46235 | G106: 46204 | H106: 46174 | I106: 46143 | J106: 46113 | K106: 46082 | L106: 46054 | M106: 46023 | N106: Total
A107: SMS | E107: 214 | F107: 102 | G107: 118 | H107: 141 | I107: 126 | J107: 79 | K107: 85 | L107: 74 | M107: 151 | N107: 1090 | O107: =N107/$N$117*100 -> 20.797558
A108: CET | E108: 143 | F108: 128 | G108: 114 | H108: 78 | I108: 86 | J108: 97 | K108: 95 | L108: 88 | M108: 107 | N108: 936 | O108: =N108/$N$117*100 -> 17.859187
A109: SME | E109: 59 | F109: 72 | G109: 46 | H109: 53 | I109: 82 | J109: 49 | K109: 70 | L109: 58 | M109: 59 | N109: 548 | O109: =N109/$N$117*100 -> 10.45602
A110: SF | E110: 55 | F110: 63 | G110: 64 | H110: 46 | I110: 39 | J110: 41 | K110: 79 | L110: 58 | M110: 73 | N110: 518 | O110: =N110/$N$117*100 -> 9.88361
A111: SPTrans | E111: 65 | F111: 60 | G111: 37 | H111: 45 | I111: 114 | J111: 42 | K111: 46 | L111: 27 | M111: 30 | N111: 466 | O111: =N111/$N$117*100 -> 8.8914329
A112: SMUL | E112: 52 | F112: 60 | G112: 55 | H112: 44 | I112: 30 | J112: 57 | K112: 42 | L112: 37 | M112: 42 | N112: 419 | O112: =N112/$N$117*100 -> 7.9946575
A113: SMSUB | E113: 29 | F113: 63 | G113: 48 | H113: 30 | I113: 31 | J113: 47 | K113: 43 | L113: 28 | M113: 40 | N113: 359 | O113: =N113/$N$117*100 -> 6.8498378
A114: SIURB | E114: 45 | F114: 35 | G114: 34 | H114: 28 | I114: 29 | J114: 50 | K114: 25 | L114: 36 | M114: 34 | N114: 316 | O114: =N114/$N$117*100 -> 6.0293837
A115: Subprefeitura Mooca | E115: 5 | F115: 8 | G115: 6 | H115: 5 | I115: 269 | J115: 4 | K115: 3 | L115: 10 | M115: 3 | N115: 313 | O115: =N115/$N$117*100 -> 5.9721427
A116: SEHAB | E116: 42 | F116: 42 | G116: 36 | H116: 22 | I116: 24 | J116: 29 | K116: 30 | L116: 24 | M116: 27 | N116: 276 | O116: =N116/$N$117*100 -> 5.2661706
E117: =SUM(E107:E116) -> 709 | F117: =SUM(F107:F116) -> 633 | G117: =SUM(G107:G116) -> 558 | H117: =SUM(H107:H116) -> 492 | I117: =SUM(I107:I116) -> 830 | J117: =SUM(J107:J116) -> 495 | K117: =SUM(K107:K116) -> 518 | L117: =SUM(L107:L116) -> 440 | ... N117: =SUM(N107:N116) -> 5241
A120: Órgão | B120: 46357 | C120: 46327 | D120: 46296 | E120: 46266 | F120: 46235 | G120: 46204 | H120: 46174 | I120: 46143 | J120: 46113 | K120: 46082 | L120: 46054 | M120: 46023 | N120: Total
A121: SMS - Secretaria Municipal da Saúde | E121: 214 | F121: 102 | G121: 118 | H121: 141 | I121: 126 | J121: 79 | K121: 85 | L121: 74 | M121: 151 | N121: 1090
A122: CET - Companhia de Engenharia de Tráfego | E122: 143 | F122: 128 | G122: 114 | H122: 78 | I122: 86 | J122: 97 | K122: 95 | L122: 88 | M122: 107 | N122: 936
A123: SME - Secretaria Municipal de Educação | E123: 59 | F123: 72 | G123: 46 | H123: 53 | I123: 82 | J123: 49 | K123: 70 | L123: 58 | M123: 59 | N123: 548
A124: SF - Secretaria Municipal da Fazenda | E124: 55 | F124: 63 | G124: 64 | H124: 46 | I124: 39 | J124: 41 | K124: 79 | L124: 58 | M124: 73 | N124: 518
A125: SPTrans - São Paulo Transporte S/A | E125: 65 | F125: 60 | G125: 37 | H125: 45 | I125: 114 | J125: 42 | K125: 46 | L125: 27 | M125: 30 | N125: 466
A126: SMUL - Secretaria Municipal de Urbanismo e Licenciamento | E126: 52 | F126: 60 | G126: 55 | H126: 44 | I126: 30 | J126: 57 | K126: 42 | L126: 37 | M126: 42 | N126: 419
A127: SMSUB - Secretaria Municipal das Subprefeituras | E127: 29 | F127: 63 | G127: 48 | H127: 30 | I127: 31 | J127: 47 | K127: 43 | L127: 28 | M127: 40 | N127: 359
A128: SIURB - Secretaria Municipal de Infraestrutura Urbana e Obras | E128: 45 | F128: 35 | G128: 34 | H128: 28 | I128: 29 | J128: 50 | K128: 25 | L128: 36 | M128: 34 | N128: 316
A129: Subprefeitura Mooca | E129: 5 | F129: 8 | G129: 6 | H129: 5 | I129: 269 | J129: 4 | K129: 3 | L129: 10 | M129: 3 | N129: 313
A130: SEHAB - Secretaria Municipal de Habitação | E130: 42 | F130: 42 | G130: 36 | H130: 22 | I130: 24 | J130: 29 | K130: 30 | L130: 24 | M130: 27 | N130: 276
A131: SMDHC - Secretaria Municipal de Direitos Humanos e Cidadania | E131: 50 | F131: 26 | G131: 20 | H131: 39 | I131: 58 | J131: 54 | K131: 14 | L131: 9 | M131: 4 | N131: 274
A132: SMC - Secretaria Municipal de Cultura e Economia Criativa | E132: 32 | F132: 21 | G132: 47 | H132: 29 | I132: 31 | J132: 13 | K132: 36 | L132: 29 | M132: 10 | N132: 248
... A201: Total | E201: 1312 | F201: 1181 | G201: 1099 | H201: 883 | I201: 1205 | J201: 916 | K201: 964 | L201: 830 | M201: 959 | N201: 9349

Sheet Alteração_de_Processo
B13: 23
A14: Meses | B14: Protocolos | C14: Variação* | E14: Meses | F14: Protocolos
A15: 46023 | B15: 34 | C15: =((B15-13)/13)*100 -> 161.53846 | E15: 46023 | F15: 34
A16: 46054 | B16: 24 | C16: =((B16-B15)/B15)*100 -> -29.411765 | E16: 46054 | F16: 24
A17: 46082 | B17: 19 | C17: =((B17-B16)/B16)*100 -> -20.833333 | E17: 46082 | F17: 19
A18: 46113 | B18: 15 | C18: =((B18-B17)/B17)*100 -> -21.052632 | E18: 46113 | F18: 15
A19: 46143 | B19: 22 | C19: =((B19-B18)/B18)*100 -> 46.666667 | E19: 46143 | F19: 22
A20: 46174 | B20: 22 | C20: =((B20-B19)/B19)*100 -> 0 | E20: 46174 | F20: 22
A21: 46204 | B21: 19 | C21: =((B21-B20)/B20)*100 -> -13.636364 | E21: 46204 | F21: 19
A22: 46235 | B22: 18 | C22: =((B22-B21)/B21)*100 -> -5.2631579 | E22: 46235 | F22: 18
A23: 46266 | B23: 19 | C23: =((B23-B22)/B22)*100 -> 5.5555556 | E23: 46266 | F23: 19
A24: 46296 | B24: 0 | C24: =((B24-B23)/B23)*100 -> -100 | E24: 46296 | F24: 0
A25: 46327 | B25: 0 | C25: =((B25-B24)/B24)*100 -> #DIV/0! | E25: 46327 | F25: 0
A26: 46357 | B26: 0 | C26: =((B26-B25)/B25)*100 -> #DIV/0! | E26: 46357 | F26: 0
A27: Total | B27: =SUM(B15:B26) -> 192 | E27: Total | F27: =SUM(F15:F26) -> 192
D30: CANCELADA | E30: 0
D31: EM ANDAMENTO | E31: 6
D32: FINALIZADA | E32: 13
D33: PORTAL | E33: 18
A41: * Variação percentual em relação ao mês imediatamente anterior.

Sheet P
A1: Controladoria Geral do Município - Ouvidoria Geral
A2: SIGRC - Sistema Integrado de Gerenciamento e Relacionamento com o Cidadão
A4: Serviço | B4: Quantidade
A5: Alimentação escolar | B5: 135
A6: Denunciar estabelecimento que não fornece álcool em gel ou permite entrada sem máscara durante a crise do Coronavírus | B6: 58
A7: Denunciar estabelecimento que não segue as regras de funcionamento previstas durante a pandemia do Coronavírus | B7: 281
A8: Material escolar | B8: 106
A9: Manifestação livre | B9: 4
A10: Renda Básica Emergencial | B10: 257
A11: Vacinas | B11: 72
A12: Denunciar irregularidade da contratação e/ou gestão de serviço público | B12: 42
A13: Total Geral | B13: =SUM(B5:B12) -> 955
